Workbook

Sheet Sg-MRC
A1: MATRIZ SEGUIMIENTO MAPA DE RIESGOS DE CORRUPCIÓN
B2: Entidad: Ministerio del Deporte | K2: ¿Se adelantó seguimiento al Mapa de Riesgos de Corrupción?
B3: Responsable: Tercera línea de defensa
B4: Seguimiento: Tercer Cuatrimestre 2025 | K4: Si | L4: Primer y segunda línea de defensa
B5: Fecha de publicación: 16 de enero de 2026
A6: SEGUIMIENTO Y EVALUACIÓN POR PARTE DE LA TERCERA LÍNEA DE DEFENSA
A8: FORMULACIÓN DE RIESGOS Y EVALUACIÓN | J8: VALORACIÓN DE LOS CONTROLES | S8: PLAN DE TRATAMIENTO | W8: MONITOREO, SEGUIMIENTO Y EVALUACIÓN
A9: Nombre del Proceso | B9: Siglas | C9: Descripción Riesgo | D9: ¿Cumple con la redacción del Riesgo de Corrupción? | E9: Fecha de Aprobacion | F9: Fecha de Monitoreo 1a Línea de Defensa | G9: Fecha de Monitoreo 2da Línea de Defensa | H9: Tipo Proceso | I9: Zona de Riesgo Inherente | J9: ¿Presenta descripción de la valoración de controles? | K9: Descripción del Control | L9: Atributo del Control | M9: ¿El diseño de los controles es efectivo? | N9: ¿Los controles cuentan con responsables de su ejecución? | O9: ¿La periodicidad de los controles es oportuna para mitigar el riesgo? | P9: Tratamiento | Q9: Zona de Riesgo Residual Final | R9: ¿Se cuenta con evidencias de la ejecución del control? | S9: ¿Formuló Plan de Tratamiento (acciones)? | T9: Descripción del Plan de Tratamiento | U9: ¿Cumple con la ejecución del Plan de Tratamiento de manera eficaz? | V9: ¿Se cuenta con evidencias de la ejecución del Plan de Tratamiento? | W9: ¿El proceso reportó Materialización del Riesgo? | X9: ¿Se enunciaron acciones de mejora por materialización? | Y9: ¿Se activaron alertas tempranas para evitar la materialización? | Z9: ¿Se implementaron correctivos por la materialización? | AA9: ¿Se reportaron indicadores? | AB9: ¿Cuántas alertas se convirtieron en denuncias por casos de corrupción? | AC9: Observaciones y recomendaciones por parte de la Tercera Línea de Defensa - Oficina de Control Interno (OCI)
A10: Gestión de las Comunicaciones | B10: =VLOOKUP(A10,'Listas deplegables'!$A$2:$B$19,2,0) -> GC | C10: Posibilidad de que servidores públicos o contratistas reciban dádivas, beneficios o incentivos indebidos, en nombre propio o de terceros, con el fin de divulgar información sensible sin contar con la verificación y aprobación correspondiente | D10: No | E10: 45894 | F10: 46013 | G10: 46022 | H10: Estratégico | I10: Extremo | J10: Si | K10: El Coordinador GIT Comunicaciones, controla a través del seguimiento semanal a los integrantes del GIT Comunicaciones, estableciendo el punto análisis del cumplimiento de los lineamientos de crisis en los consejos de redacción, las cuales se sustentan en acta del consejo cuando se requieran En caso de identificar desviaciones en la ejecución del control se solicitará al responsable un informe del no cumplimiento. Se generará un acta del consejo de redacción. | L10: Preventivo | M10: Si | N10: Si | O10: Si | P10: Reducir (Mitigar) | Q10: Extremo | R10: Si | S10: Si | T10: Generar un mapeo constante para anticiparnos a los riesgos de crisis de la comunicación. | U10: Si | V10: Si | W10: No | X10: No aplica | Y10: No aplica | Z10: No aplica | AA10: Si | AB10: 0 | AC10: En el tercer monitoreo se evidenció la ejecución de los controles y acciones del riesgo de corrupción; sin embargo, no se aportaron soportes que demostraran la socialización interna de los lineamientos de comunicación, como estaba previsto, no obstante, se valida como efectivo ya que se pudieron observar algunas piezas en intranet, así como correos masivos. El proceso cuenta con un Mapa de Riesgos versión 2 para la vigencia 2025, el cual fue revisado y aprobado por la OAP y se encuentra disponible en Isolución, no obstante, se deja salvedad que la versión reportada el tercer cuatrimestre difiere de la versión 2 presentada en el segundo cuatrimestre toda vez que existen cambios en la redacción del riesgo de corrupción y en el plan de tratamiento sin que en el formato se reporte el control los cambio ni una nueva versión. La redacción del riesgo no cumple la metodología ya que no indica si el riesgo es de afectación económica o reputacional. Se verificó el acompañamiento de la primera línea de defensa y se dejaron disponibles las evidencias e indicadores en la carpeta de SharePoint habilitada para el proceso.
A11: Gestión de las Comunicaciones | B11: =VLOOKUP(A11,'Listas deplegables'!$A$2:$B$19,2,0) -> GC | J11: Si | K11: El Coordinador GIT Comunicaciones, verifica la aprobación de las notas de prensa, el cumplimiento se hace mensualmente a través del reporte del indicador de notas de prensa publicadas. En caso de identificar desviaciones en la ejecución del control se devolverá al periodista la nota para su ajuste. De la ejecución del control: mensualmente se entrega la verificación del cumplimiento de los conductos de aprobación de las notas de prensa, mediante el formato establecido. | L11: Preventivo | M11: Si | N11: Si | O11: Si | P11: Reducir (Mitigar) | Q11: Extremo | R11: Si | S11: Si | T11: Actualizar el formato GC-FR-008 NOTAS DE PRENSA para hacer seguimiento mensual del flujo de aprobación y la medición de las devoluciones de las notas de prensa | U11: Si | V11: Si
A12: Gestión de las Comunicaciones | B12: =VLOOKUP(A12,'Listas deplegables'!$A$2:$B$19,2,0) -> GC | J12: Si | K12: El Coordinador GIT Comunicaciones, evalúa la aplicación de la Política Editorial para la toma de decisiones, a través de un instrumento de evaluación que arroja unos resultados y se genera un informe. En caso de desviación se hará retroalimentación. De la ejecución del control se genera informe anual. Frecuencial: Anual | L12: Detectivo | M12: Si | N12: Si | O12: Si | P12: Reducir (Mitigar) | Q12: Extremo | R12: Si | S12: Si | T12: Socializar mediante acciones pedagógicas los lineamientos de comunicación emanados de la Secretaría de Prensa y de la normativa del Gobierno Nacional. | U12: Si | V12: Si
A13: Formulación y Adopción de Políticas, Planes y Programas | B13: =VLOOKUP(A13,'Listas deplegables'!$A$2:$B$19,2,0) -> FP | C13: Posibilidad de favorecer un grupo de interés sobre otro en los procesos de formulación de políticas públicas | D13: No | E13: 45904 | F13: 45901 | G13: 46022 | H13: Misional | I13: Alto | J13: Si | K13: Semestralmente, El profesional designado del viceministerio, debe verificar la existencia del mapa de actores del proceso de formulación de política pública a través de el formato de caracterización de actores para focalizar el grupo objetivo que participa. En caso de identificar desviaciones en la ejecución del control, La Viceministra generará alertas al Profesional designado, para el cumplimiento del registro de caracterización de actores. De la ejecución de los controles se generará la siguiente evidencia: Formato de caracterización de actores diligenciado. | L13: Preventivo | M13: Si | N13: Si | O13: Si | P13: Reducir (Mitigar) | Q13: Alto | R13: No | S13: Si | T13: 1. Documentar el control R3-Control 1, a través del formato de caracterización de actores del proceso de formulación de política pública. | U13: No | V13: No | W13: No | X13: No aplica | Y13: No aplica | Z13: No aplica | AA13: No | AB13: 0 | AC13: La redacción del riesgo no considera los cuatro (4) elementos para los riesgos de corrupción, no se refiere a daño económico o reputacional, ni la desviación específica de la gestión de lo público de manera que recomienda revisar y ajustar la redacción del riesgo. Es necesario ajustar la redacción en relación al beneficio privado y el tipo de afectación, del cual deriva este riesgo. Verificar medición del riesgo, ya que pese a ser de corrupción se tipifica en zona "alto" Control 2 - No tiene periodicidad definida No se cuenta con evidencias de la ejecución del plan de tratamiento ni sus controles, se evidencia que no se diligenció el seguimiento de la primera línea de defensa pese a que se observa que la segunda línea realizó las respectivas solicitudes y seguimiento. Dado que en diferentes informes se reiteró la importancia de formular y cumplir con el plan de tratamiento del mapa de riesgos formulado, se encuentra que no hubo un tratamiento efectivo a los riesgos asociados al proceso de formulación y adopción de políticas públicas.
A14: Formulación y Adopción de Políticas, Planes y Programas | B14: =VLOOKUP(A14,'Listas deplegables'!$A$2:$B$19,2,0) -> FP | J14: Si | K14: El profesional designado del viceministerio, debe verificar los documentos de plan de participación ciudadana remitido por el área técnica encargada de la formulación de la política pública. | L14: Preventivo | M14: No | N14: Si | O14: No | P14: Reducir (Mitigar) | Q14: Alto | R14: No | S14: Si | T14: 1.Documentar el formato de Plan de participación ciudadana del proceso de formulación de política pública. | U14: No | V14: No
A15: Formulación y Adopción de Políticas, Planes y Programas | B15: =VLOOKUP(A15,'Listas deplegables'!$A$2:$B$19,2,0) -> FP | J15: Si | K15: El profesional designado del viceministerio, cada vez que se requiera debe validar la pertinencia, oportunidad y validez de los procesos externos de formulación de política pública que impacten a la entidad. | L15: Preventivo | M15: Si | N15: Si | O15: Si | P15: Reducir (Mitigar) | Q15: Alto | R15: No | S15: Si | T15: 1. Revisar matrices de validación de las líneas de acción de política pública. 2. Realizar mesas técnicas de validación de información. | U15: No | V15: No
A16: Altos Logros | B16: =VLOOKUP(A16,'Listas deplegables'!$A$2:$B$19,2,0) -> AL | C16: Posibilidad de recibir o solicitar cualquiér dadiva o beneficio a nombre propio o de terceros beneficiando a atletas o paraatletas de los programas: Atleta excelencia, glorias del deporte y escuela de talentos y/o beneficiar a federaciones deportivas nacionales que no cumplan con requisitos legales o normativos. | D16: No | E16: 45877 | F16: 46014 | G16: 46022 | H16: Misional | I16: Moderado | J16: Si | K16: Los profesionales de los GIT Deporte de Rendimiento Olimpico, Deporte de Rendimiento Paralímpico, Talento y Reserva Deportiva y Juegos y Eventos Derportivos designados para implementar el apoyo a los organismos del Sistema Nacional del Deporte, verifican el cumplimiento de los requisitos de acceso y permanencia a través del documento solicitud de elaboración del contrato de prestación de servicios y constancia de idoneidad (BS-FR-059) En caso de identificar desviaciones en la ejecución del control, enviar un oficio indicando la situación evidenciada de falta de requisitos que permita subasanar la información requerida de acuerdo con los requisitos establecidos. De la ejecución de los controles se generará la siguiente evidencia: Apoyo a Federaciones deportivas nacionales (deporte olimpico) 1. Verificar en cumplimiento de la Hoja de Ruta para la contratación Formato del proceso de Bienes y Servicios 2. Registro del formato (BS-FR-059) | L16: Preventivo | M16: Si | N16: Si | O16: Si | P16: Reducir (Mitigar) | Q16: Moderado | R16: Si | S16: Si | T16: Realizar de manera trimestral el reporte y control de las gestiones realizadas en cada uno de los programas a cargo del proceso de Altos Logros | U16: No | V16: No | W16: No | X16: No aplica | Y16: No aplica | Z16: No aplica | AA16: Si | AB16: 0 | AC16: Es necesario ajustar la redacción en relación al tipo de afectación (económica o reputacional), del cual deriva este riesgo. Verificar medición del riesgo, ya que pese a ser de corrupción se tipifica moderado. Verificar la frecuencia con la que se realiza la actividad y su valoración ya que inicia en zona de riesgo inherente "Moderada" siendo muy baja en relación a un riesgo de corrupción; esto se puede deber a que no fueron resueltas las 19 preguntas requeridas para la clasificación del impacto del riesgo de corrupción (Hoja <<Tabla Impacto>> del formato DE- FR -002) y la Zona de Riesgo Residual Final no varia después de aplicar los controles, se mantiene en moderada, por lo que se requiere verificar la valoración del riesgo y de los controles. Se evidenció que los controles 1, 2 y 3 se ejecutaron conforme a su descripción y dieron cumplimiento para la vigencia, al ser de implementación permanente. Respecto al Plan de Tratamiento no se aportaron evidencias que permitan verificar su cumplimiento.
A17: Altos Logros | B17: =VLOOKUP(A17,'Listas deplegables'!$A$2:$B$19,2,0) -> AL | J17: Si | K17: El profesional del (GIT Desarrollo Psicosocial) designado para implementar el programa Atleta Excelencia, verifica de manera cuatrimestral el cumplimiento de los requisitos de acceso, permanencia y exclusión para el programa Atleta Excelencia, A traves de la Comisión Evaluadora en la cual se validan que los deportistas cumplan con los requisitos establecidos para acceder, permanecer o ser excluidos del Programa Atleta Excelencia, en caso de presentarse desviación del control se programan comisiones extraordinarias. De la ejecución de los controles se generará la siguiente evidencia: - Actas de la Comisión Evaluadora para el Programa Atleta Excelencia - Resoluciones expedidas frente al reconocimiento del programa Atleta Excelencia. | L17: Preventivo | M17: Si | N17: Si | O17: Si | P17: Reducir (Mitigar) | Q17: Moderado | R17: Si
A18: Altos Logros | B18: =VLOOKUP(A18,'Listas deplegables'!$A$2:$B$19,2,0) -> AL | J18: Si | K18: El profesional designado para implementar el programa de apoyo a deportistas del GIT de Centro de Ciencias del Deporte, verifica que el atleta que se atiende en el Centro de Ciencias del Deporte haga parte de los listados de atletas vigentes en los programas de Altos Logros Con base en los listados de atletas y paraatletas aprobados por las federaciónes deportivas nacionales de cada disciplina deportiva, el personal del Centro de Ciencias del Deporte presta la atención y servicios a los atletas y paraatletas beneficiarios del programa Atleta Excelencia, en caso de desviación se reportará al coordinador del GIT para hacer el respectivo seguimiento. De la ejecución del control se generará la siguiente evidencia: 1. Listado de deportistas selección Colombia aprobado por la federaciónes y/o benefeciarios del programa Atleta Excelencia. 2. Reporte de Atenciones | L18: Preventivo | M18: No | N18: Si | O18: No | P18: Reducir (Mitigar) | Q18: Moderado | R18: Si
A19: Inspección Vigilancia y Control | B19: =VLOOKUP(A19,'Listas deplegables'!$A$2:$B$19,2,0) -> IVC | C19: Posibilidad de recibir o solicitar cualquier dadiva o beneficio a nombre propio o de terceros para favorecer a un organismo deportivo en el desarrollo de tramites, inspección, auditorias y/o procedimientos administrativos | D19: No | E19: 45616 | F19: No diligenciado | G19: 45902 | H19: Misional | I19: Moderado | J19: Si | K19: Cada mes, el gestor documental, verifica los permisos de acceso a las bases de datos en SharePoint, tanto en modo lectura como escritura, otorgados a los miembros de cada Grupo Interno de Trabajo (GIT). Compara estos permisos con los roles definidos para asegurar de que coinciden. En caso de desviación del control, ajusta los accesos a las bases de datos, para que correspondan a los roles definidos del profesional e informa la corrección al coordinador a través de correo electrónico. Las evidencias de la ejecución del control deben incluir: un registro en SharePoint con los permisos otorgados a los miembros de cada GIT, con los correos electrónicos del gestor documental. | L19: Preventivo | M19: Si | N19: Si | O19: Si | P19: Reducir (Mitigar) | Q19: Moderado | R19: Si | S19: Si | T19: Socializar los responsables del manejo, control de cambios, actualización y permisos de acceso a las bases de datos y expedientes de la Dirección. | U19: Si | V19: Si | W19: No | X19: No aplica | Y19: No aplica | Z19: No aplica | AA19: Si | AB19: 0 | AC19: No fueron atendidas las recomendaciones realizadas en el primer y segundo monitoreo en cuanto a: La redacción del riesgo no considera los cuatro (4) elementos para los riesgos de corrupción, no se refiere a daño económico o reputacional, ni la desviación específica de la gestión de lo público de manera que recomienda revisar y ajustar la redacción del riesgo. Verificar la frecuencia con la que se realiza la actividad y su valoración ya que inicia en zona de riesgo inherente "Moderada" siendo muy baja en relación a un riesgo de corrupción; esto se puede deber a que no fueron resueltas las 19 preguntas requeridas para la clasificación del impacto del riesgo de corrupción (Hoja <<Tabla Impacto>> del formato DE- FR -002) En el monitoreo se evidenció que los controles del riesgo fueron ejecutados conforme a lo establecido, contando con soportes en SharePoint, los formatos definidos y los correos que demuestran la revisión de actos administrativos. En cuanto al plan de tratamiento, se verificó la ejecución de las actividades previstas, incluyendo los estudios previos, la actualización documental del proceso y las reuniones de socialización.
A20: Inspección Vigilancia y Control | B20: =VLOOKUP(A20,'Listas deplegables'!$A$2:$B$19,2,0) -> IVC | J20: Si | K20: Cada vez que ingresa la solicitud de un trámite, el profesional responsable verifica la correcta aplicación de los formatos de control de legalidad IVC-FR-003, IVC-FR-004 o IVC-FR-006 vigentes, los cuales deben ser diligenciados después de cada trámite. Al finalizar un proceso, ya sea de Negación, Renovación o Actualización del Reconocimiento Deportivo e inscripción de miembros, se revisa que los formatos correspondientes estén completos y correctamente diligenciados para garantizar un adecuado control de legalidad. En caso de detectar alguna desviación en el control, el coordinador del G.I.T. devuelve el trámite para solicitar su verificación y se modifican los formatos para mejorar la calidad y precisión de los datos. Como evidencia de la ejecución del control, se generará el reporte de los registros realizados en los formatos IVC-FR-003, IVC-FR-004 o IVC-FR-006, los correos electrónicos del coordinador que contengan observaciones (si aplica) y los registros actualizados. | L20: Preventivo | M20: Si | N20: Si | O20: Si | P20: Reducir (Mitigar) | Q20: Moderado | R20: Si | S20: Si | T20: Revisar y actualziar el IVC-MN-002 Manual "Orientaciones para realizar Inspección, Vigilancia y Control en el Ministerio del Deporte". | U20: Si | V20: Si
A21: Inspección Vigilancia y Control | B21: =VLOOKUP(A21,'Listas deplegables'!$A$2:$B$19,2,0) -> IVC | J21: Si | K21: Cada vez que se requiera, el profesional asignado se verifica que los requisitos legales y estatutarios del organismo deportivo sean cumplidos en relación con el estudio y la validez de la documentación requerida para el trámite. Antes de iniciar cualquier trámite, se realiza una revisión preliminar que debe ser aprobada por el Coordinador y el Director. En caso de identificar desviación en la ejecución del control, el Coordinador devolverá la documentación con observaciones para su corrección. Como evidencia de la ejecución del control, se presentarán los flujos de correo que demuestren los filtros de revisión de los actos administrativos emitidos. | L21: Preventivo | M21: Si | N21: Si | O21: Si | P21: Reducir (Mitigar) | Q21: Moderado | R21: Si | S21: Si | T21: Socializar a los profesionales de la Dirección de Inspección, Vigilancia y Control la normatividad y lineamientos vigentes, así como la documentacion asociada al procesoIVC, que se encuentra en ISDLUCION. | U21: Si | V21: Si
A22: Fomento al Desarrollo Humano y Social | B22: =VLOOKUP(A22,'Listas deplegables'!$A$2:$B$19,2,0) -> FD | C22: Posibilidad de recibir cualquier dádiva o beneficio a nombre propio o de terceros para desembolsar recursos a convenios o contratos entre el ministerio y entes ejecutores sin el cumplimiento de los requisitos legales. | D22: No | E22: 45769 | F22: 46022 | G22: 46022 | H22: Misional | I22: Extremo | J22: Si | K22: Cada vez que se requiera el y/o los supervisores de los GIT de la Dirección de Fomento y Desarrollo (Actividad Fìsica, Recreaciòn, Deporte Escolar, Deporte Social Comunitario) Verifican los documentos soportes financieros de los convenios y/o contratos frente a lo establecido en las minutas contractuales. Cada vez que se recibe un informe financiero, valida la informacion recibida frente a la ejecucion de contrato y/o convenios; En caso de identificar desviaciones en la ejecución del control, remitir comunicacion oficial ( Correo electronico u oficios ) al operador solicitandole la completitud de la informacion o la subsanacion de las situaciones encontradas. De la ejecución de los controles se generará la siguiente evidencia: Correos electronicos, Gesdoc. Frecuencia: Cuatrimestral | L22: Detectivo | M22: Si | N22: Si | O22: Si | P22: Reducir (Mitigar) | Q22: Extremo | R22: No | S22: Si | T22: Generar de manera mensual correos a los operadores presentandoles el estado de la ejecucion presupuestal de los contratos y/o convenios, que presenten un menor avance de lo programado. | U22: No | V22: No | W22: No | X22: No aplica | Y22: No aplica | Z22: No aplica | AA22: No | AB22: 0 | AC22: No se acogieron las recomendaciones del primer y segundo monitoreo: no se evidencian cambios en la redacción del riesgo, la cual no considera los cuatro (4) elementos para los riesgos de corrupción, no se refiere a daño económico o reputacional, ni la desviación específica de la gestión de lo público de manera que recomienda revisar y ajustar la redacción del riesgo. No se cuenta con evidencias de la ejecución de los controles ni del plan de tratamiento, con lo que no se adoptaron acciones correctivas asegurando el cumplimiento dentro de la vigencia 2025, tal como fue recomendado por la tercera línea de defensa en el segundo monitoreo. No presenta medición de indicadores. Se evidencia seguimiento por parte de la segunda línea de defensa así como solicitud de gestiones por parte de la primera línea.
A23: Fomento al Desarrollo Humano y Social | B23: =VLOOKUP(A23,'Listas deplegables'!$A$2:$B$19,2,0) -> FD | J23: Si | K23: De manera mensual el y/o los supervisores de los GIT de la Dirección de Fomento y Desarrollo (Actividad Fìsica, Recreaciòn, Deporte Escolar, Deporte Social Comunitario) Realizan comites de seguimientos con los operadores, a traves de mesas de trabajo para monitorear el avance de la ejecucion de los contratos y/o convenios. En caso de identificar desviaciones en la ejecución del control, se solicitara un comite extraordinario con fin de aprobar las modificaciones a la asugnacion presupuestal del contrato o convenio a validar. De la ejecución de los controles se generará la siguiente evidencia: Matriz consolidada de los convenios y/o contratos de la direccion, Actas de comite, Gesdoc Frecuencia: Cuatrimestral | L23: Preventivo | M23: Si | N23: Si | O23: Si | P23: Reducir (Mitigar) | Q23: Extremo | R23: No | S23: Si | T23: Consolidar de manera semestral el estado de la ejecucion de los contratos y/o convenios. | U23: No | V23: No
A24: Apoyo a la Infraestructura Técnica y Científica | B24: =VLOOKUP(A24,'Listas deplegables'!$A$2:$B$19,2,0) -> ATC | C24: Posibilidad de recibir o solicitar cualquier dádiva o beneficio a nombre propio o de terceros para realizar de manera deficiente, el ejercicio de la supervision que para el correcto desembolso de recursos economicos | D24: No | E24: No diligenciado | F24: 46009 | G24: 46022 | H24: Misional | I24: Extremo | J24: Si | K24: Mensualmente, el profesional de apoyo financiero asginado al GIT de infraestructura -Profesional financiero de la Direccion de recursos y Herramientas del SND, debe verificar que los desembosos en el periodo se realicen conforme a los requisitos establecidos en la minuta del convenio y/o contrato para ello, valida los soportes aportados por los entes territoriales en el marco de los contratos y/o convenios suscritos, para el desembolso, a través del documento de trabajo denominado Matriz de seguimiento y control. En caso de identificar desviaciones de la ejecución del control, mediante comunicación (Gesdoc) o correo electrónico, se notifican observaciones encontradas según sea el caso al supervisor para que lo comunique a: Entes territoriales en el marco de convenios y contratos interadministrativos, a interventorías o a convenios solidarios, y asi se subsane y se remitan los soportes y/o documentos que se deben anexar o modificar para la continuidad del trámite de desembolso. De la ejecucion de los controles se generara la siguiente evidencia: Muestra aleatoria (10 desesmbolsos) efectuados mediante el documento check list. | L24: Preventivo | M24: Si | N24: Si | O24: Si | P24: Reducir (Mitigar) | Q24: Extremo | R24: Incompleta | S24: Si | T24: Crear el formato de Check list para los desembolsos | U24: No aplica | V24: No aplica | W24: No | X24: No aplica | Y24: No aplica | Z24: No aplica | AA24: Si | AB24: 0 | AC24: El mapa de riesgos cierra sin fecha de aprobación. La redacción del riesgo no considera los cuatro (4) elementos para los riesgos de corrupción, no se refiere a daño económico o reputacional, ni la desviación específica de la gestión de lo público de manera que recomienda revisar y ajustar la redacción del riesgo, tal como se recomendó en el primer monitoreo de la tercera línea. Se recomienda evaluar el nivel de riesgo inherente, dado que el proceso ha sido establecido con un riesgo alto y considerando las causas identificadas su zona de Riesgo podría ser extremo, para ello se sugiere atender el procedimiento y formato, dando respuesta a las 19 preguntas para la clasificación de impacto. Esto había sido señalado en el primer y segundo seguimiento por parte de la tercera línea y no fueron subsanadas las recomendaciones efectuadas. Se recomienda verificar la pertinencia de documentar la evidencia denominada matriz de seguimiento control, verificación, y cumplimiento de obligaciones apta tramite de pagos y desembolsos para fortalecer la formalización de un procedimiento, así como sus actividades del ciclo de vida de los proyectos de infraestructura y permitir su vinculación con la demás documentación (Formatos, instructivos y guías del proceso). En el monitoreo del riesgo de corrupción correspondiente al tercer cuatrimestre de 2025, se verificó la ejecución del control R1‑Cont‑1; sin embargo, su descripción no detalla el número de desembolsos efectuados, aunque los soportes permiten identificar diecinueve desembolsos asociados a convenios interadministrativos. Pese a revisarse la matriz de seguimiento, no fue posible concluir si hubo devoluciones o si la totalidad de los desembolsos obtuvo aprobación del supervisor. No se evidencian soportes que permitan verificar la ejecución de las acciones del plan de tratamiento, y algunos documentos cargados en SharePoint no corresponden con lo descrito. Se recomienda priorizar la formalización del formato de lista de chequeo en el Sistema de Gestión, con el fin de asegurar registros consistentes en la validación de requisitos para desembolsos.
A25: Apoyo a la Infraestructura Técnica y Científica | B25: =VLOOKUP(A25,'Listas deplegables'!$A$2:$B$19,2,0) -> ATC | J25: Si | K25: Mensualmente, el supervisor del GIT de infraestructura de la Dirección de recursos y Herramientas del SND, debe revisar los tramites de desembolso gestionados por el profesional financiero verificando que cumpla con los requisitos establecidos en la minuta del convenio y/o contrato, en concordancia con el BS-MN-003 Manual de Supervisión e Interventoría y el BS-MN-002 Manual de contratación, a través del formato GF-FR-021 Certificación de Supervisión para pago. En caso de identificar desviaciones de la ejecución del control, mediante comunicación externa (Gesdoc) o correo electrónico, se notifican observaciones encontradas según sea el caso a: Entes territoriales en el marco de convenios y contratos interadministrativos, a interventorías o a convenios solidarios, para que se subsane y se remitan los soportes y/o documentos que se deben anexar o modificar para la continuidad del trámite de desembolso. De la ejecución de los controles se generará la siguiente evidencia: Matriz de seguimiento control. | L25: Preventivo | M25: Si | N25: Si | O25: Si | P25: Reducir (Mitigar) | Q25: Extremo | R25: Incompleta | S25: Si | T25: Crear el procedimiento que se debe surtir para el desembolso y demas temas financieros atribuibles al contrato convenio y compartirlo con los entes ejecutores | U25: No | V25: Incompleta
A26: Apoyo a la Infraestructura Técnica y Científica | B26: =VLOOKUP(A26,'Listas deplegables'!$A$2:$B$19,2,0) -> ATC | C26: Posibilidad de recibir o solicitar cualquier dádiva o beneficio a nombre propio o de terceros por la financiacion y cofinanciacion de proyectos que no cumplen con los requisitos establecidos en la minuta | D26: No | E26: No diligenciado | F26: 46009 | G26: 46022 | H26: Misional | I26: Alto | J26: Si | K26: Semestralmente se designa un profesional del GIT Infraestuctura para verificar de manera aleatoria de los proyectos con concepto favorable con el fin de identificar si efectivamente cumplen con el lleno de requisitos establecidos en el formato de procedimiento ATC-PD-007 con el fin de identificar que se este cumpliendo con los requisitos de revision de proyectos y de procedimientos establecidos. De la ejecucion del control se emitira un informe semestral | L26: Detectivo | M26: Si | N26: Si | O26: Si | P26: Reducir (Mitigar) | Q26: Alto | R26: Incompleta | S26: Si | T26: Actualizar procedimiento de revision de proyetos acorde a la resolucion | U26: No | V26: Incompleta | W26: No | X26: No aplica | Y26: No aplica | Z26: No aplica | AA26: No | AB26: 0 | AC26: La redacción del riesgo no considera los cuatro (4) elementos para los riesgos de corrupción, no se refiere a daño económico o reputacional, ni la desviación específica de la gestión de lo público de manera que recomienda revisar y ajustar la redacción del riesgo. Se recomienda evaluar el nivel de riesgo inherente, dado que el proceso ha sido establecido con un riesgo alto y considerando las causas identificadas su zona de Riesgo podría ser extremo, para ello se sugiere atender el procedimiento y formato, dando respuesta a las 19 preguntas para la clasificación de impacto. Esto había sido señalado en el primer y segundo seguimiento por parte de la tercera línea. se identificó que el proceso adelanta acciones de verificación para otorgar concepto de favorabilidad a proyectos de infraestructura deportiva; sin embargo, los soportes aportados no permiten determinar qué proyectos fueron incluidos en el muestreo aleatorio ni se encontró evidencia con dicha denominación. Tampoco se evidenciaron avances en la actualización del procedimiento de revisión de proyectos, pese a que la versión vigente corresponde a febrero de 2024 y no incorpora los ajustes derivados de la resolución que reglamenta esta actividad, concluyéndose que la actualización no fue iniciada durante la vigencia. Aunque el proceso reportó tener el documento formalizado en el Sistema de Gestión, no se efectuó su actualización ni se cargaron soportes de indicadores para el periodo. Se recomienda actualizar oportunamente el procedimiento y asegurar la carga adecuada de evidencias
A27: Apoyo a la Infraestructura Técnica y Científica | B27: =VLOOKUP(A27,'Listas deplegables'!$A$2:$B$19,2,0) -> ATC | C27: Posibilidad de que servidores públicos o contratistas adscritos al Centro de Alto Rendimiento reciban prevendas o dádivas, en beneficio propio o de terceros, a cambio del préstamo irregular de escenarios deportivos, contrariando los procedimientos establecidos | D27: No | E27: No diligenciado | F27: 46009 | G27: 46022 | H27: Misional | I27: Moderado | J27: Si | K27: Cada vez que se requiera, el profesional designado debe verificar el cumplimiento de los requisitos para el préstamo y uso de los escenarios del Centro de Alto Rendimiento a través del oficio de respuesta de aprobación radicado en el sistema de gestión documental-GESDOC, emitido por el Director de Recursos y Herramientas del SND o la Coordinación del GIT CAR. En caso de identificar desviaciones en la ejecución del control, enviar un oficio indicando la situación evidenciada de falta de requisitos que permita subasanar la información requerida y abstenerse de beneficiar a quien no cumpla con los requisitos establecidos. | L27: Preventivo | M27: Si | N27: Si | O27: Si | P27: Aceptar | Q27: Bajo | R27: Incompleta | S27: Si | T27: Implementar mecanismo de seguimiento por medio de informe periodico. | U27: No | V27: Incompleta | W27: No | X27: No aplica | Y27: No aplica | Z27: No aplica | AA27: No | AB27: 0 | AC27: La redacción del riesgo no considera los cuatro (4) elementos para los riesgos de corrupción, no se refiere a daño económico o reputacional, ni la desviación específica de la gestión de lo público de manera que recomienda revisar y ajustar la redacción del riesgo. Se recomienda evaluar el nivel de riesgo inherente, dado que el proceso ha sido establecido con un riesgo alto y considerando las causas identificadas su zona de Riesgo podría ser extremo, para ello se sugiere atender el procedimiento y formato, dando respuesta a las 19 preguntas para la clasificación de impacto.Como consecuencia, el riesgo residual quedó valorado en zona baja, por lo que se recomienda ajustar su identificación y valoración conforme a la Política de Administración del Riesgo, situación recomendada por la tercera línea en el primer monitoreo. En cuanto a los controles, aunque se reportó la validación de 151 solicitudes, no es posible verificar la trazabilidad de su aplicación dado que la matriz no describe cómo fue implementado el control. Así mismo, la evidencia sobre el seguimiento al préstamo de escenarios del CAR resulta parcial y no permite determinar el estado de la acción.
A28: Servicio Integral al Ciudadano | B28: =VLOOKUP(A28,'Listas deplegables'!$A$2:$B$19,2,0) -> SI | C28: Posibilidad de que servidores públicos soliciten o reciban dádivas, beneficios o prebendas, en nombre propio o de terceros, con el fin de omitir el registro de PQRSD en los canales presenciales, telefónicos o de chat, afectando la integridad del servicio y la trazabilidad institucional. | D28: No | E28: 46009 | F28: 46013 | G28: 46387 | H28: Apoyo | I28: Alto | J28: Si | K28: La coordinadora del grupo interno de trabajo de Servicio Integral al Ciudadano verifica que los responsables de la atención de canales realicen el registro en GESDOC de las atenciones a traves del un cierre diario de la gestión sobre los canales presencial, telefónico y chat . En caso de encontrar faltantes en los registos diarios se realiza el llamado de atención al responsable.. Evidencia: Reporte de gesdoc de atenciones por canal presencial, telefónico y chat e Informe trimestral de PQRSD | L28: Preventivo | M28: Si | N28: Si | O28: Si | P28: Reducir (Mitigar) | Q28: Moderado | R28: Si | S28: Si | T28: Documentar un formato de registro diario de las atenciones para los canales presencial, telefónico y chat | U28: Si | V28: Si | W28: No | X28: No aplica | Y28: No aplica | Z28: No aplica | AA28: Si | AB28: 0 | AC28: La redacción del riesgo no considera los cuatro (4) elementos para los riesgos de corrupción, no se refiere a daño económico o reputacionalo de manera que recomienda revisar y ajustar la redacción del riesgo, pese a que este fue actualizado en la versión 4, ya que además quedaron dos redacciones en la misma casilla. Acorde con el riesgo formulado se recominda al proceso (SI) realizar la identificación de causas relacionadas con garantizar el anonimato de los usuarios y funcionarios que interponen una denuncia, presiones ocultas para inducir a la omisión de radicación de peticiones por motivaciones poco éticas y evasión del procedimiento, debilidades en aplicación de sanciones displiciplinarias por no registrar una PQRSD. En la matriz el proceso (SI) dilgencio por error de transcripción como misional, en vez de apoyo, lo cual tampoco fue corregido. Se recomienda verificar el nivel de riesgo inherente, dado que no se evidencia el diligenciamiento de la Tabla de Impacto y la respuesta a los interrogantes que permite la clasificación en el mapa de calor, terminando en zona de riesgo moderado, siendo un riesgo de corrupción. Durante el periodo, el proceso formalizó el formato SI‑FR‑036 sobre atenciones a la ciudadanía conforme la acción planteada; sin embargo, argumentó su no implementación debido a los reprocesos que generaría y al posible impacto en la oportunidad y calidad del servicio. Considerando esta situación y se recomienda modificar la acción prevista, definiendo un nuevo mecanismo que permita garantizar la constancia o número de radicado de las atenciones y, en caso de requerir recursos, evaluar su inclusión en el Plan Anual de Adquisiciones, así como realizar la respectiva eliminación del documento de Isolución, pues mientras este exista y esté documentado debe utilizarse. Se detalla que el Mapa de Riesgos versión 2 para la vigencia 2025 fue revisado y aprobado por la OAP, no obstante, se reporta versión 4
A29: Gestión de TIC'S | B29: =VLOOKUP(A29,'Listas deplegables'!$A$2:$B$19,2,0) -> GT | C29: Posibilidad de afectación económica o reputacional por acceder, facilitar el acceso o alterar los datos de los sistemas de información de la entidad con el fin de beneficiarse a nombre propio o de terceros | D29: Si | E29: 45845 | F29: 46013 | G29: 46022 | H29: Apoyo | I29: Alto | J29: Si | K29: Cuatrimestralmente, el Coordinador del GIT TIC's debe verificar que los niveles de acceso concedidos a los usuarios correspondan a los solicitados a través de los canales de atención, debe notificar al grupo de Soporte de GIT TIC´S para que revoque los permisos no solicitados. De la ejecución de los controles se generará la siguiente evidencia: reporte de usuarios y permisos por aplicación. debe notificar al grupo de Soporte de GIT TIC´S para que revoque los permisos no solicitados. De la ejecución de los controles se generará la siguiente evidencia: reporte de usuarios y permisos por aplicación. | L29: Preventivo | M29: Si | N29: Si | O29: Si | P29: Reducir (Mitigar) | Q29: Alto | R29: Si | S29: Si | T29: Actualizar y solicitar la publicación de los documentos del proceso en el Sistema de Gestión de Calidad | U29: No | V29: Incompleta | W29: No | X29: No aplica | Y29: No aplica | Z29: No aplica | AA29: Si | AB29: 0 | AC29: Se recomienda verificar medición de la zona de riesgo en Alto, aplicando la encuesta y preguntas. Se realizo monitoreo aportando evidencias de la ejecución de los controles establecidos, incluyendo la verificación de niveles de acceso de usuarios y la asignación o eliminación de permisos en las carpetas de SharePoint, finalizando su aplicación para la vigencia. Respecto al plan de tratamiento, una acción se identificó como incumplida al no encontrarse documentos actualizados en ISOLUCIÓN, mientras que las acciones 2 y 3 fueron ejecutadas conforme a su descripción.
A30: Gestión de TIC'S | B30: =VLOOKUP(A30,'Listas deplegables'!$A$2:$B$19,2,0) -> GT | J30: Si | K30: Cuatrimestralmente, el Coordinador del GIT TIC's debe gestionar que las carpetas compartidas (SharePoint) de Mindeporte, a las cuales todos los usuarios tengan permiso de lectura o escritura, se encuentren configuradas para que accedan a ellas solo los usuarios autorizados. En caso de identificar desviaciones en la ejecución del control, debe notificar a todos los Respónsables del Ministerio del Deporte, para que se eliminen los usuarios ya no vigentes o no autorizados. De la ejecución del control se generará la siguiente evidencia: Correos de reporte de verificación de usuarios vigentes y autorizados en carpetas compartidas y correos de las diferentes dependencias responsables de su acceso notificando los permisos y usuarios autorizados a ingresar a las carpetas compartidas. | L30: Preventivo | M30: Si | N30: Si | O30: Si | P30: Reducir (Mitigar) | Q30: Alto | R30: Si | S30: Si | T30: Monitorear y generar acciones de bloqueo a accesos indebidos detectados en las plataformas de ciberseguridad contratadas por la entidad | U30: No | V30: Si
A31: Gestión de TIC'S | B31: GT | S31: Si | T31: Socializar la politica de seguridad de informacion mediante piezas de comunicación en las que se incluyan tips de seguridad de la información. | U31: No | V31: Si
A32: Gestión del Talento Humano | B32: =VLOOKUP(A32,'Listas deplegables'!$A$2:$B$19,2,0) -> GH | C32: Posibilidad afectación económica y reputacional por Recibir o solicitar dadivas o beneficio por direccionamiento de vinculación en favor propio o de un tercero debido a las posibles debilidades en la implementación de procesos y procedimientos internos | D32: Si | E32: 45897 | F32: 46009 | G32: 46022 | H32: Apoyo | I32: Alto | J32: Si | K32: Profesional designado, verifica los requisitos de los candidatos que se postulan para proveer las vacantes; se validan lo establecido en el manual de funciones en coherencia con el procedimiento GH-PD-026 Procedimiento de Vinculación de Servidores Públicos, para acceder a la vacantes dejando como registro el diligenciamiento del formato GH-FR-061 Documentos Requisitos de Posesión. En caso de desviación del control, el coordinador del GIT: Talento Humano emitirá memorando de verificación de requisitos y de vinculación del candidato a cubrir la vacante. De la ejecución del control, se generará las siguientes evidencias: 1. Registro en el formato GH-FR-061 Documentos Requisitos de Posesión 2. correo de verificación en caso de no cumplir con requisitos (cuando aplique) 3. Memorando de verificación (cuando aplique) Reporte cuatrimestral | L32: Preventivo | M32: Si | N32: Si | O32: No | P32: Reducir (Mitigar) | Q32: Alto | R32: No | S32: Si | T32: Gestionar mediante mesas de trabajo, la revisión del manual de funciones, para su actualización. | U32: No | V32: Incompleta | W32: No | X32: No aplica | Y32: No aplica | Z32: No aplica | AA32: Si | AB32: 0 | AC32: Verificar zona de riesgo aplicando la metodología de las preguntas y. El control no tiene periodicidad definida . Se evidenció la ejecución del control establecido, soportado en siete formatos de verificación de requisitos, cumpliéndose conforme a lo previsto para la vigencia. En cuanto al plan de tratamiento, la acción 1 se identificó como incumplida al no lograrse la actualización del manual de funciones, pese a las mesas de trabajo realizadas, mientras que las acciones 2 y 3 fueron ejecutadas según su descripción
A33: Gestión Documental | B33: =VLOOKUP(A33,'Listas deplegables'!$A$2:$B$19,2,0) -> GD | C33: Posibilidad de afectación economica y reputacional al recibir cualquier dádiva o beneficio a nombre propio o de terceros con el fin de omitir información o perdida de expedientes del archivo central. | D33: Si | E33: 45896 | F33: 46006 | G33: 46022 | H33: Apoyo | I33: Alto | J33: Si | K33: El profesional en Gestión Documental Socializa los lineamientos de la Gestión Documental frente al manejo del archivo y la información, Política e instrumentos archivisticos que genere la entidad, a través de la implementación del cronograma de capacitaciones de Gestión documental.;en caso de identificar desviaciones en la ejecución del control, enviar correo electronico a los enlaces designacinados por dependencia para dar a conocer el cronograma de capacitación.De la ejecución de los controles se generarán las siguientes evidencias: memorando que incluye cronograma , Piezas comunicativas socializadas en la intranet y lista de asistencia y/o actas de reunión de capacitaciones. Nota: El reporte se realizara cuatrimestralmente en coherencia con el monitoreo. | L33: Preventivo | M33: Si | N33: Si | O33: No | P33: Reducir (Mitigar) | Q33: Alto | R33: Si | S33: Si | T33: Reforzar capacitaciones de gestión documental adicionales por demanda. | U33: Si | V33: Incompleta | W33: No diligenció la casilla | X33: No diligenció la casilla | Y33: No diligenció la casilla | Z33: No diligenció la casilla | AA33: Si | AB33: 0 | AC33: En la matriz, el proceso GD no diligenció las casillas correspondientes a la materialización de riesgos. Asimismo, la segunda línea no registró ningún pronunciamiento al respecto en el formato DE-FR-002. No obstante, se evidencia que se ha realizado seguimiento a través de correo electrónico. Se evidenció la ejecución de los controles establecidos; sin embargo, en el control 1 no fue posible verificar la trazabilidad completa del plan de capacitación, dado que no se identificó la implementación progresiva ni actualizaciones frente a lo reportado en el primer cuatrimestre, lo cual afecta el seguimiento del cronograma. En el control 2 se registró el seguimiento, pero los inventarios se encontraron diligenciados en formatos no oficiales, incluidos archivos en Excel sin encabezado y un documento en borrador, lo que evidencia debilidades en la actualización del inventario documental.
A34: Gestión Documental | B34: =VLOOKUP(A34,'Listas deplegables'!$A$2:$B$19,2,0) -> GD | J34: Si | K34: El profesional en Gestión Documental, verifica y ajusta los inventarios del archivo central, a través de la revisión del inventario inicial contra los datos de los expedientes físicos, sus unidades de almacenamiento y conservación para su ubicación topográfica (espacio físico). En caso de desviación, puntear las unidades de almacenamiento y conservación. De la ejecución del control se generan las siguinetes evidencias; inventarios actualizados registro GD_FR-029 formato de inventario documental FUID, correo informando el estado de los expedientes al coordinador del área (cuando aplique) Nota: El reporte se realizara cuatrimestralmente en coherencia con el monitoreo. | L34: Preventivo | M34: Si | N34: Si | O34: No | P34: Reducir (Mitigar) | Q34: Alto | R34: Si
A35: Adquisición de Bienes y Servicios | B35: =VLOOKUP(A35,'Listas deplegables'!$A$2:$B$19,2,0) -> BS | C35: Posibilidad de Afectación Reputacional por recibir cualquier dádiva o beneficio a nombre propio o de terceros por el direccionamiento indebido de procesos de contratación | D35: No | E35: 45642 | F35: 46013 | G35: 46022 | H35: Apoyo | I35: Extremo | J35: Si | K35: Cada vez que se requiera, el Coordinador GIT Contratación Realiza el seguimiento a los procesos asignados a cada estructurador en aras que los contratos se suscriban en un tiempo adecuado. Se realiza el reparto de los procesos a los estructuradores, evidenciando la fecha de asignación del proceso y la fecha de suscripción del contrato en caso de identificar desviaciones en la ejecución del control, propender por la reasignación oportuna a nuevo personal que garantize la continuidad del servicio. De la ejecución de los controles se generará la siguiente evidencia: Muestra de correos asignando los procesos a los estructuradores y/o base de datos con los procesos asignados a cada estructurador | L35: Preventivo | M35: Si | N35: Si | O35: Si | P35: Reducir (Mitigar) | Q35: Extremo | R35: Si | S35: Si | T35: Realizar la actualización de la base de contratación cada vez que se realice una nueva solicitud, es decir incluir aquellas que estan en trámite, para garantizar un seguimiento | U35: Si | V35: Si | W35: No | X35: No aplica | Y35: No aplica | Z35: No aplica | AA35: Si | AB35: 0 | AC35: La redacción del riesgo no considera los cuatro (4) elementos para los riesgos de corrupción, no se refiere a la desviación específica de la gestión de lo público y el beneficio privado, no se atendió esta recomendación realizada en el primer y segundo monitoreo. La acción del plan de tratamiento planteada corresponde a la descripción del control denominado: base de datos con los procesos asignados a cada estructurador. Se recomienda, ajustar la acción de plan de tratamiento. Se evidenció que los dos controles establecidos fueron implementados conforme a su descripción. La acción definida en el plan de tratamiento se considera cumplida. Los indicadores del riesgo y del desempeño del control fueron reportados en el documento de trabajo con sus respectivas evidencias.
A36: Adquisición de Bienes y Servicios | B36: =VLOOKUP(A36,'Listas deplegables'!$A$2:$B$19,2,0) -> BS | J36: Si | K36: Cada vez que se requierael Coordinador GIT Contratación Cita al Comite de Contratación para que se revisen los procesos que tengan un valor superior a la miníma cuantia, y se hagan las recomendaciones necesarias para adelantar la gestión contractual de la mejor manera posible. Se realiza la convocatoria a través de la plataforma Teams acorde alas necesidades expuestas por las áreasEn caso de identificar desviaciones en la ejecución del control, se revisará la normativa para garantizar la legalidad de los procesos que se adelanten. De la ejecución de los controles se generará la siguiente evidencia: Actas y/o grabaciones del Comité de Contratación | L36: Preventivo | M36: Si | N36: Si | O36: Si | P36: Reducir (Mitigar) | Q36: Extremo | R36: Si
A37: Gestión Financiera | B37: =VLOOKUP(A37,'Listas deplegables'!$A$2:$B$19,2,0) -> GF | C37: Posibilidad de Afectación Económica y Reputacional por posibles comportamientos no éticos por parte de servidores públicos, tales como fraude interno, corrupción o soborno, durante la ejecución de actividades asociadas a los movimientos bancarios y/o al cálculo en la liquidación de los pagos, lo que podría dar lugar a la aprobación y ejecución de desembolsos que no cumplen con los lineamientos del proceso de Gestión Financiera ni con la legislación vigente. | D37: Si | E37: 45895 | F37: 46009 | G37: 46022 | H37: Apoyo | I37: Extremo | J37: Si | K37: Mensualmente, el Coordinador (a) del GIT Tesorería y/o profesionales designados, debe conciliar la información financiera generada de las actividades desarrolladas teniendo en cuenta lo dispuesto en el procedimiento GF-PD-019 del proceso de Gestión Financiera, mediante el cruce de información de los registros efectuados . En caso de identificar desviaciones en la ejecución del control, se efectúan los ajustes requeridos mediante las transacciones dispuestas para tal fin. De la ejecución del control se generará la siguiente evidencia: Formato GF-FR–010 Conciliación Bancaria firmado o correo electrónico de devolución para ajuste. | L37: Detectivo | M37: Si | N37: Si | O37: Si | P37: Reducir (Mitigar) | Q37: Extremo | R37: Si | S37: Si | T37: 1. Elaborar el procedimiento de Gestión de Pagos, donde se evidencian las actividades del GIT Tesorería. | U37: No | V37: Incompleta | W37: No | X37: No aplica | Y37: No aplica | Z37: No aplica | AA37: Si | AB37: 0 | AC37: Se identificó que el procedimiento relacionado con las actividades del GIT Tesorería aún se encuentra en fase de elaboración en formato borrador. No se identificó trazabilidad sobre la actualización del procedimiento GF‑PD‑019 de Conciliaciones Bancarias, pese a estar reportado en el formato de actualización documental. Se recomienda priorizar la formalización del formato de lista de chequeo y dar cumplimiento a la actualización del procedimiento GF‑PD‑019, a fin de asegurar consistencia en los procesos asociados a desembolsos y pago. Se evidencia que el proceso reportó indicadores en formato de word anteriormente solicitado por la segunda línea, lo que refuerza lo señalado por esta Oficina en los informes 1 y 2, en los que se recomendó formalizar el mecanimo de medición de indicadores en el procedimiento y en formato codificado de Isolución
A38: Gestión Financiera | B38: =VLOOKUP(A38,'Listas deplegables'!$A$2:$B$19,2,0) -> GF | J38: Si | K38: Diariamente, el Coordinador (a) del GIT Tesorería y/o profesionales designados, debe verificar que la información financiera radicada por las dependencias ejecutoras de recursos cumplan con las directrices impartidas por la Entidad y la normatividad vigente aplicable, por medio de la validación de la documentación. Para el caso de cuentas se realiza contra el formato GF-FR-020, para los casos de expedición o modificación de CDP vía SISEG o formato según corresponda y Registros Presupuestales con la documentación soporte adjunta y para las Ordenes de Pago la verificación visual de la información. En caso de identificar desviaciones en la ejecución del control, se debe devolver la solicitud mediante el formato de Devolución de documentos GF-FR-016 o en SISEG según corresponda. De la ejecución del control se generará la siguiente evidencia: Devolución de documentos mediante el Formato GF-FR-016 o devolución en SISEG según corresponda | L38: Detectivo | M38: Si | N38: Si | O38: Si | P38: Reducir (Mitigar) | Q38: Extremo | R38: Si | S38: Si | T38: 1. Actualizar el procedimiento GF-PD-019-Conciliaciones Bancarias, incluyendo las políticas de operación necesarias y la normatividad vigente. | U38: No | V38: Incompleta
A39: Gestión Jurídica | B39: =VLOOKUP(A39,'Listas deplegables'!$A$2:$B$19,2,0) -> GJ | C39: Posibilidad de recibir cualquier dádiva o beneficio para ejercer una deficiente defensa técnica judicial en el marco de las contestaciones de tutelas. | D39: No | E39: 45595 | F39: 46013 | G39: 46022 | H39: Apoyo | I39: Extremo | J39: Si | K39: Cada vez que se requiera ,el Jefe Oficina Asesora Jurídica, debe revisar y verificar que el contenido de las respuestas a las acciones de tutela remitidos a la Oficina, cumpla con la línea jurídica de la Entidad, a través de la validación del documento mediante la firma del mismo. En caso de identificar desviaciones en la ejecución del control, Solicitar los ajustes del documento al responsable asignado para dar respuesta al requerimiento . | L39: Preventivo | M39: Si | N39: Si | O39: Si | P39: Reducir (Mitigar) | Q39: Extremo | R39: Si | S39: Si | T39: Socializar al personal de la Oficina Asesora Jurídica el Procedimiento Contestación de acciones de Tutela, para su conocimiento e implementación. | U39: Si | V39: Si | W39: No | X39: No aplica | Y39: No aplica | Z39: No aplica | AA39: Si | AB39: 0 | AC39: La redacción del riesgo no considera los cuatro (4) elementos para los riesgos de corrupción, no se refiere a daño económico o reputacional, ni la desviación específica de la gestión de lo público y el beneficio privado, de manera que recomienda revisar y ajustar la redacción del riesgo, no se realizó ajuste pese a que se comunicó en el primer y segundo monitoreo. Se evidenció la ejecución del control establecido, soportado mediante la base de datos detallada de contestaciones de tutelas y la muestra tomada para verificar el registro de auditoría. En cuanto al plan de tratamiento, las acciones se consideran cumplidas.
A40: Gestión Jurídica | B40: =VLOOKUP(A40,'Listas deplegables'!$A$2:$B$19,2,0) -> GJ | S40: Si | T40: Realizar tres (3 )revisiones aleatorias de la aplicación el procedimiento de Acciones de Tutela con el personal de la Oficina Asesora Jurídica. | U40: Si | V40: Si
A41: Gestión Jurídica | B41: =VLOOKUP(A41,'Listas deplegables'!$A$2:$B$19,2,0) -> GJ | S41: Si | T41: Incluir en la base de datos de la Oficina Asesora Jurídica, el fundamento de derecho empleado para la contestación de tutelas . | U41: Si | V41: Si
A42: Gestión Jurídica | B42: =VLOOKUP(A42,'Listas deplegables'!$A$2:$B$19,2,0) -> GJ | S42: Si | T42: Elaborar un (1) informe mediante el cual se detalle la importancia de la socialización del procedimiento de Contestación de Acciones de Tutela al personal de la Oficina Asesora Jurídica. | U42: Si | V42: Si
A43: Gestión de los Recursos Físicos | B43: =VLOOKUP(A43,'Listas deplegables'!$A$2:$B$19,2,0) -> RF | C43: Posibilidad de afectación reputacional para recibir o solicitar cualquier dádiva o beneficio a nombre propio o de terceros en la asignacion y traslado de los bienes de propiedad del Ministerio del Deporte. | D43: Si | E43: 45896 | F43: 46013 | G43: 46022 | H43: Apoyo | I43: Extremo | J43: Si | K43: Mensualmente el Profesional especializado con funciones de almacenista y/o asignado, registra en el software de inventarios SOAWEB la información correspondiente a entradas, salidas y traslados de elementos de los funcionarios. De acuerdo con las necesidades, se ingresan las novedades en el software de inventarios SOAWEB. En caso de desviación se realizara la verificación de los registros en los formatos RF-FR-029 y GT -FR-002 para proceder con la actualización en el sistema. De la ejecución del control se generará la siguiente evidencia: Registro de la asignación de equipos y elementos. Registro consolidado de elementos en servicio a cargo del funcionario. Registro de los formatos RF-FR-029 y GT-FR-002 (cuando aplique) | L43: Preventivo | M43: Si | N43: Si | O43: Si | P43: Reducir (Mitigar) | Q43: Extremo | R43: Si | S43: Si | T43: Crear el procedimiento para el seguimiento y control de los inventarios. | U43: No | V43: Incompleta | W43: No | X43: No aplica | Y43: No aplica | Z43: No aplica | AA43: No | AB43: 0 | AC43: En el monitoreo del riesgo de corrupción se evidenció la ejecución de ambos controles definidos, soportados mediante los registros de asignación de equipos y los reportes de GESDOC, aunque se recomienda revisar la descripción de la evidencia debido a la ausencia del formato RF‑FR‑029 señalado en el control. En cuanto al plan de tratamiento, las acciones R1‑Acc‑1 y R1‑Acc‑2 presentan avances en la elaboración y socialización del manual, pero no lograron concluirse durante la vigencia, por lo que cierran incumplidas. Los indicadores del riesgo y del desempeño del control no fueron reportados ya que anexó reporte correspondiente al primer cuatrimestre de la vigencia.
A44: Gestión de los Recursos Físicos | B44: =VLOOKUP(A44,'Listas deplegables'!$A$2:$B$19,2,0) -> RF | J44: Si | K44: Cuatrimestralmente el Profesional especializado con funciones de almacenista y/o asignado, requiere a los Gestores de inventarios la actualización de los inventarios a cargo al area funcional, a traves de correo electronico se solicita a los gestores de inventarios de cada area funcional, reportar el estado o novedad de los elementos en servcio en el formato RF-FR-029. En caso de desviación se reelizará la reiteración mediante de memorando. De la ejecución del control se generará la siguiente evidencia: Correos electronicos enviados a los gestores de inventario. Correo electronico de respuesta que incluye el registro del formato RF-FR-029. Memorando reiterativo (Cuando aplique) | L44: Preventivo | M44: Si | N44: Si | O44: Si | P44: Reducir (Mitigar) | Q44: Extremo | R44: Si | S44: Si | T44: Generar lineamientos para salidas e ingresos de bienes a las diferentes areas funcionales y elementos externos | U44: No | V44: Incompleta
A45: Evaluación Independiente y Mejora Continua | B45: =VLOOKUP(A45,'Listas deplegables'!$A$2:$B$19,2,0) -> EI | C45: Posibilidad de afectación económica y reputacional derivada de la acción u omisión consistente en recibir o solicitar dádivas o beneficios, haciendo uso del poder conferido, con el fin de manipular los resultados de informes de auditoría o seguimiento, desviando así la gestión de lo público para favorecer procesos, terceros, dependencias o con fines de beneficio personal | D45: Si | E45: 45782 | F45: 46374 | G45: Sin monitoreo | H45: Evaluación | I45: Extremo | J45: Si | K45: Cada vez que se realice un trabajo, el Jefe de la Oficina de Control Interno o quien haga sus veces, revisará que el informe cumpla con los lineamientos establecidos en las políticas y procedimientos del proceso, el código de ética y el estatuto de auditoría interna, mediante la revisión ocular de la información contenida en la carpeta de SharePoint y el informe proyectado. Se mantendrá mediante correo electrónico, la trazabilidad de todas las revisiones y aprobaciones realizadas por el jefe para asegurar la efectividad del control. En caso de encontrar desviación del control, en la que se detecte posibles incumplimientos u omisión por parte del auditor, el informe será devuelto al auditor para su corrección explicitando la posible desviación. No serán tenidas en cuenta como desviaciones las devoluciones para ajustes de forma. De la ejecución del control se genera las siguiente evidencia: Correo(s) de revisión de los informes realizados por el equipo auditor o acta de revisión del informe. | L45: Preventivo | M45: Si | N45: Si | O45: Si | P45: Reducir (Mitigar) | Q45: Extremo | R45: Si | S45: Si | T45: Desarrollar mesa de trabajo de socialización del Código de Ética del Auditor Interno | U45: Si | V45: Si | W45: No | X45: No aplica | Y45: No aplica | Z45: No aplica | AA45: Si | AB45: 0 | AC45: La OCI se abstiene de generar resultados para este riesgo, teniendo en cuenta que fue identificado por la misma OCI, quien además realiza el presente seguimiento. Por tanto, estaría impedida de evaluarse así misma. Adicionalmente no se evidenció seguimiento por parte de la segunda línea de defensa al reporte realizado por la OCI.
A46: Evaluación Independiente y Mejora Continua | B46: =VLOOKUP(A46,'Listas deplegables'!$A$2:$B$19,2,0) -> EI | J46: Si | K46: Cada vez que se designe un trabajo, el Jefe de la Oficina de Control Interno o quien haga sus veces, revisará que no exista posible conflicto de interés por parte del equipo auditor mediante la verificación del diligenciamiento del formato EI-FR-018, previo al inicio del trabajo. En caso de identificar desviaciones en la ejecución del control, tales como una manifestación de posible conflicto de interés, se evalúa el caso y de encontrar posible configuración se designa a otro auditor. El resultado de la evaluación se notificará al auditor que hizo la manifestación vía GESDOC o correo electrónico. De la ejecución del control se generará la siguiente evidencia: Formato EI-FR-018 Declaración de compromiso ético, conflicto de interés y confidencialidad del auditor interno firmada. Cuando aplique, GESDOC o correo electrónico con la respuesta a la manifestación realizada. | L46: Preventivo | M46: Si | N46: Si | O46: Si | P46: Reducir (Mitigar) | Q46: Extremo | R46: Si
A47: Gestión Proceso Disciplinario | B47: =VLOOKUP(A47,'Listas deplegables'!$A$2:$B$19,2,0) -> PD | C47: Posibilidad de recibir o solicitar cualquier dádiva o beneficio a nombre propio o de terceros para emitir una decisión que favorezca o perjudique al sujeto disciplinable por sustracción, ocultamiento o pérdida de información de los procesos disciplinarios activos | D47: No | E47: No diligenciado | F47: 46011 | G47: 46022 | H47: Evaluación | I47: Moderado | J47: Si | K47: El Técnico/Profesional asignado Verifica el número de folios de los expedientes físicos, respecto de los expedientes digitalizados. Mensualmente, se realiza cotejo de la información de los Expedientes disciplinarios gestionados en el periodo, contenida en la base de datos, el aplicativo GESDOC, los Expedientes digitalizados en estado natural y por pieza documental , con el fin de establecer que la información física coincida en folios y contenido con la información digitalizada. En caso de encontrar desviación en la ejecución del control, se envía al gestor documental la alerta para que subsane las inconsistencias. La evidencia de la ejecución del control se materializa en el informe de calidad mensual remitido a la jefatura. | L47: Preventivo | M47: Si | N47: Si | O47: Si | P47: Reducir (Mitigar) | Q47: Moderado | R47: Si | S47: Si | T47: El técnico o profesional designado, remite a la jefatura un informe mensual de calidad, producto del cotejo de la información de la base de datos con los expedientes físicos y digitalizados. | U47: Si | V47: Si | W47: No | X47: No aplica | Y47: No aplica | Z47: No aplica | AA47: Si | AB47: 0 | AC47: La redacción del riesgo no considera los cuatro (4) elementos para los riesgos de corrupción, no se refiere a daño económico o reputacional, ni la desviación específica de la gestión de lo público y el beneficio privado, de manera que recomienda revisar y ajustar la redacción del riesgo. Se recomienda revisar la valoración del riesgo ya que no se evidencia el diligenciamiento completo de la Tabla de Impacto, lo que puede estar afectando la zona de riesgo inherente, y por tanto, el posterior resultado del riesgo residual. Las anteriores recomendaciones fueron realizadas por la tercera línea de defensa en el primer y segundo monitoreo, sin embargo, no se han efectuado los ajustes pertinentes. Se evidenció que los dos controles definidos fueron implementados conforme a su descripción. Las acciones del plan de tratamiento se reportaron como cumplidas.
A48: Gestión Proceso Disciplinario | B48: =VLOOKUP(A48,'Listas deplegables'!$A$2:$B$19,2,0) -> PD | J48: Si | K48: La jefatura de la Oficina de Control Interno Disciplinario verifica si la decisión adoptada se encuentra fundada en pruebas legalmente producidas y aportadas al proceso, que demuestren la existencia o no de la falta disciplinaria y la responsabilidad del investigado. Cada vez que los abogados sustanciadores, remiten a través del correo institucional,los proyectos de autos de sustanciación o interlocutorios, para la revisión y firma de la jefatura, quien revisa el contenido fáctico y jurídico de la decisión, en caso de presentar desviaciones la Jefe de la Oficina de Control Interno Disciplinario ajusta a las previsiones del Código General Disciplinario y se procede a la firma por la jefatura de la OCID. De la ejecución del control. Se aportan como evidencias: • Captura de pantalla de la remisión de los proyectos elaborados por los abogados sustanciadores, a través del correo institucional. • Captura de Pantalla de la Base datos de datos de los expedientes disciplinarios gestonados por la jefatura, (no se envía la documentación integral, teniendo en cuenta la reserva legal de la información disciplinaria) | L48: Preventivo | M48: Si | N48: Si | O48: Si | P48: Reducir (Mitigar) | Q48: Moderado | R48: Si | S48: Si | T48: 2. Informar a los funcionarios y contratistas de prestación de servicios, en reunión mensual o cuando se requiera, el cumplimiento de la normatividad aplicable al conflicto de intereses, inhabilidades e incompatibilidades en ejercicio de sus funciones y obligaciones contractuales. | U48: Si | V48: Si
B49: =VLOOKUP(A49,'Listas deplegables'!$A$2:$B$19,2,0) -> #N/A
B50: =VLOOKUP(A50,'Listas deplegables'!$A$2:$B$19,2,0) -> #N/A
B51: =VLOOKUP(A51,'Listas deplegables'!$A$2:$B$19,2,0) -> #N/A
B52: =VLOOKUP(A52,'Listas deplegables'!$A$2:$B$19,2,0) -> #N/A
B53: =VLOOKUP(A53,'Listas deplegables'!$A$2:$B$19,2,0) -> #N/A
B54: =VLOOKUP(A54,'Listas deplegables'!$A$2:$B$19,2,0) -> #N/A
B55: =VLOOKUP(A55,'Listas deplegables'!$A$2:$B$19,2,0) -> #N/A
B56: =VLOOKUP(A56,'Listas deplegables'!$A$2:$B$19,2,0) -> #N/A
B57: =VLOOKUP(A57,'Listas deplegables'!$A$2:$B$19,2,0) -> #N/A
B58: =VLOOKUP(A58,'Listas deplegables'!$A$2:$B$19,2,0) -> #N/A
B59: =VLOOKUP(A59,'Listas deplegables'!$A$2:$B$19,2,0) -> #N/A
B60: =VLOOKUP(A60,'Listas deplegables'!$A$2:$B$19,2,0) -> #N/A
... B98: =VLOOKUP(A98,'Listas deplegables'!$A$2:$B$19,2,0) -> #N/A
A99: x | B99: x | C99: x | E99: x | G99: x | H99: x | I99: x | J99: x | K99: x | L99: x | M99: x | N99: x | O99: x | P99: x | Q99: x | R99: x | S99: x | T99: x | U99: x | V99: x | W99: x | X99: x | Y99: x | Z99: x | AA99: x | AB99: x | AC99: x

Sheet Sg-MRF
A1: MATRIZ SEGUIMIENTO MAPA DE RIESGOS FISCALES
B2: Entidad: Ministerio del Deporte | I2: ¿Se adelantó seguimiento al Mapa de Riesgos Fiscales?
B3: Responsable: Tercera línea de defensa
B4: Seguimiento: Tercer Cuatrimestre 2025 | I4: Si | J4: Primer y segunda línea de defensa
B5: Fecha de publicación: 16 de enero de 2026
A6: SEGUIMIENTO Y EVALUACIÓN POR PARTE DE LA TERCERA LÍNEA DE DEFENSA
A8: FORMULACIÓN DE RIESGOS Y EVALUACIÓN | J8: VALORACIÓN DE LOS CONTROLES | S8: PLAN DE TRATAMIENTO | W8: MONITOREO, SEGUIMIENTO Y EVALUACIÓN
A9: Nombre del Proceso | B9: Siglas | C9: Descripción Riesgo | D9: ¿Cumple con la redacción del Riesgo Fiscal? | E9: Fecha de Aprobación | F9: Fecha de Monitoreo 1a Línea de Defensa | G9: Fecha de Monitoreo 2da Línea de Defensa | H9: Tipo Proceso | I9: Zona de Riesgo Inherente | J9: ¿Presenta descripción de la valoración de controles? | K9: Descripción del Control | L9: Atributo del Control | M9: ¿Los controles son efectivos? | N9: ¿Los controles cuentan con responsables de su ejecución? | O9: ¿La periodicidad de los controles es oportuna para mitigar el riesgo? | P9: Tratamiento | Q9: Zona de Riesgo Residual Final | R9: ¿Se cuenta con evidencias de la ejecución del control? | S9: ¿Formuló Plan de Tratamiento (acciones)? | T9: Descripción del Plan de Tratamiento | U9: ¿Cumple con la ejecución del Plan de Tratamiento de manera eficaz? | V9: ¿Se cuenta con evidencias de la ejecución del Plan de Tratamiento? | W9: ¿El proceso reportó Materialización del Riesgo? | X9: ¿Se enunciaron acciones de mejora por materialización? | Y9: ¿Se activaron alertas tempranas para evitar la materialización? | Z9: ¿Se implementaron correctivos por la materialización? | AA9: ¿Se reportaron indicadores? | AB9: Observaciones por parte de la Tercera Línea de Defensa - Oficina de Control Interno (OCI)
A10: Altos Logros | B10: =VLOOKUP(A10,'Listas deplegables'!$A$2:$B$19,2,0) -> AL | C10: Posibilidad de afectacion economica por no recuperar los recursos transferidos a los contratistas que no se pudieron legalizar durante el periodo de ejecucion de los contratos y convenios celebrados por el Ministerio del Deporte por no generar a tiempo la liquidacion que de lugar a reintegro de recursos o al inicio de cobro correspondiente. | D10: No | E10: 45877 | F10: No diligenciado | G10: 46022 | H10: Misional | I10: Moderado | J10: Si | K10: El profesional designado para apoyar el Grupo de Liquidaciones a cargo de los supervisores de contratos suscritos con recursos de la Dirección de Posicionamiento y Liderazgo Deportivo, de manera cuatrimestral verifica el cumplimiento de obligaciones, plazos, soportes y requisitos durante la etapa pre y contractual para apoyar al supervisor en la liquidación a través de la solicitud de los informes de soporte de la ejecución de las obligaciones contractuales, ejecución financiera y cumplimiento de requisitos normativos. En caso de identificar desviaciones y variaciones en el proceso, emite las alertas indicando la situación evidenciada para subsanar, de ser posible, la información requerida. De la ejecución de los controles se generará la siguiente evidencia: Apoyo a la liquidación 1. Base de datos Excel con términos para la liquidación 3. Informe periódico sobre estado de liquidaciones al corte. | L10: Preventivo | M10: Si | N10: Si | O10: Si | P10: Aceptar | Q10: Bajo | R10: Si | S10: Si | T10: Exigir a los contratistas (Federaciones deportivas nacionales) para que reintegren al tesoro nacional los recursos dejados de ejecutar en caso de identificar saldos a favor e incluir esta gestión en las actas de liquidación proyectadas. | U10: No | V10: No | W10: No diligenció la casilla | X10: No aplica | Y10: No aplica | Z10: No aplica | AA10: Si | AB10: La redacción del riesgo no cumple con la metodología así como tampoco la estrategia de tratamiento, ya que no se puede aceptar, se debe evitar o reducir. Además se debe verificar la medición de las zonas de riesgo. Adicionalmente se debe revisar la valoración de las zonas de riesgo ya que por tratarse de un riesgo fiscal su impacto está en las zonas más altas/extremas. Se recomienda verificar la fuente de la información, tal como bases de datos de contratos, fechas de finalización, límites de liquidación, entre otras, que permitan seguimiento a los controles, acciones e indicadores planteados. Se recomienda para la vigencia 2026 revisar las variables de probabilidad e impacto, considerando que el riesgo aplica también a contratos de vigencias anteriores dentro de plazo de liquidación. R4-Ctrl1: no se deja claridad sobre el destinario de la alerta descrita en la actividad ni quien la genera. Tampoco como será la conservación de las alertas, las subsanaciones ni las evidencias de la ejecución del control. R4-Acc1: no se detalla cómo se realizará la exigencia de reintegro, la evidencia no es consistente con la acción. No se cuenta con evidencias de su ejecución. No se acogieron recomendaciones de redacción de riesgo controles y plan de tratamiento remitidas en el primer y segundo seguimiento de la tercera línea. No se reportó monitoreo del riesgo, unicamente de la acción sin embargo la misma no cuenta con evidencias.
A11: Fomento al Desarrollo Humano y Social | B11: =VLOOKUP(A11,'Listas deplegables'!$A$2:$B$19,2,0) -> FD | C11: Posibilidad de efecto dañoso sobre recurso público, por fallas en la recuperación de recursos transferidos a los contratistas no legalizados, durante el periodo de ejecución de los contratos y convenios celebrados por el Ministerio del Deporte, a causa de fallas en el procedimiento de liquidación, para proceder a reintegro de recursos o al inicio de cobro a favor del Ministerio. | D11: Si | E11: 45769 | F11: 46022 | G11: 46022 | H11: Misional | I11: Extremo | J11: Si | K11: Cada vez que se requiera, el y/o los supervisores de los GIT de la Dirección de Fomento y Desarrollo (Actividad Fìsica, Recreaciòn, Deporte Escolar, Deporte Social Comunitario), deben revisar y verificar el cumplimiento total de todas las obligaciones contractuales validar los soportes allegados para las liquidaciones. En caso de identificar desviaciones en la ejecución del control, notificar al ente que ejecuto el convenio y/o contrato las inconsistencias encontradas. De la ejecución de los controles se generará la siguiente evidencia: 1. Base de datos Excel con términos para la liquidación 2. Acta de reuniones mensuales del equipo de Liquidaciones con seguimiento al proceso. 3. Informe periódico sobre estado de liquidaciones al corte. 4. Correos electrónicos cuando aplique Frecuencia: Cuattrimestral | L11: Preventivo | M11: Si | N11: Si | O11: Si | P11: Reducir (Mitigar) | Q11: Extremo | R11: No | S11: Si | T11: Realizar seguimientos hasta el reintegro de la totalidad de los rendimientos financieros generados de los recursos no comprometidos ni ejecutados en los contratos, a favor del Ministerio del Deporte | U11: No | V11: No | W11: No | X11: No aplica | Y11: No aplica | Z11: No aplica | AA11: No | AB11: El cumplimiento del plan de tratamiento y controles estaba previsto para el tercer cuatrimestre, sin embargo el monitoreo no fue realizado de manera efectiva y con ausencia de soportes, generando alerta considerando que esto fue advertido por la tercera línea en el primer y segundo monitoreo, sin que exista evidencia de que se haya implementado alguna acción correctiva. R4-Ctrl2: no se plantea un control a cargo del proceso, por lo que no puede garantizar que este se desarrolle; tampoco se deja claro el propósito de los memorandos del GIT Contratación, por ejemplo, si este será el punto de partida para generar algún tipo de acción desde el proceso FD. El control propuesto no mitiga el riesgo por cuanto los memorandos aludidos son a los procesos a punto de vencer el plazo de liquidación y en ese punto pueden resultar inefectivas las acciones para el reintegro de recursos. En adición no se reportó el monitoreo de este control. No se reportó información de indicadores ni soportes de su medición. Se requiere actualización del mapa de riesgos y designación de un responsable de su monitoreo y seguimiento permamente. Adicionalmente, aunque el proceso había reportado la materialización del riesgo en el segundo cuatrimestre, tras la revisión efectuada se determinó por parte de la primer y segunda línea que este no se materializó, conforme al radicado 2025IE0014161. No obstante, el evento asociado constituye evidencia que la identificación del riesgo y sus causas asociadas presentan deficiencias, pues pese que se materializó la causa raíz, el riesgo no. Para el 2026 el riesgo, sus controles y plan de tratamiento requieren ser reformulados.
A12: Fomento al Desarrollo Humano y Social | B12: =VLOOKUP(A12,'Listas deplegables'!$A$2:$B$19,2,0) -> FD | J12: Si | K12: De manera cuatrimestal el Equipo de liquidaciones-GIT Contratación, genera alertas sobre los procesos que estan proximos a perder competencia consolida el reporte, a través de la plataforma GESDOC, se envia la relación de los procesos a las direcciones técnicas y se consolidan de manera cuatrimestral para realizar el reporte.. En caso de presentar desviación en la ejecución del control, se remitiran correos electronicos a los directores. De la ejecución del control se generan las siguientes evidenicas: Radicados de gesdoc, correo electronico (si aplica), anexos. | L12: Preventivo | M12: No | N12: Si | O12: Si | P12: Reducir (Mitigar) | Q12: Extremo | R12: No
A13: Apoyo a la Infraestructura Técnica y Científica | B13: =VLOOKUP(A13,'Listas deplegables'!$A$2:$B$19,2,0) -> ATC | C13: Posibilidad de efecto dañoso sobre recurso público, por falta de cumplimiento de los requisitos legales y técnicos para la liquidación de contratos, falta de recursos humanos y técnicos adecuados para llevar a cabo los procesos de liquidación, fallas en la realización de la supervisión, falta de profesionales para la revisión de contratos y convenios a liquidar, alto volumen de contratos y convenios asignados a pocos funcionarios, a causa de error o fallas en el cumplimiento de procedimientos dispuesto por la entidad para la liquidación de procesos de contratación o falta de planificación adecuada para iniciar la liquidación de contratación | D13: Si | E13: No diligenciado | F13: 46009 | G13: 46022 | H13: Misional | I13: Moderado | J13: Si | K13: Mensualmente, el supervisor o profesional designado como apoyo a la supervisión, verifica del total de convenios y/o contratos suscritos en la Dirección cuales terminaron su ejecución para iniciar con el proceso de liquidación en concordancia con lo establecido en el Manual de Contratación y procedimiento vigente. Mediante la revisión de los términos y condiciones del contrato y pago final, procede a la consolidación de la información requerida para la liquidación y da traslado al profesional de apoyo en la liquidación de la Dirección, quien una vez revisa la documentación. En caso de presentar desviaciones del control, se solicitará la información faltante, como evidencia de la ejecución del control: Matris de seguimiento y control de liquidaciones | L13: Preventivo | M13: Si | N13: Si | O13: Si | P13: Aceptar | Q13: Moderado | R13: Incompleta | S13: Si | T13: Realizar seguimientos hasta el reintegro de la totalidad de los rendimientos financieros generados de los recursos no comprometidos ni ejecutados en los contratos, a favor del Ministerio del Deporte. | U13: No | V13: Incompleta | W13: No | X13: No aplica | Y13: No aplica | Z13: No aplica | AA13: No | AB13: La estrategia de tratamiento, no cumple con la metodología ya que no se puede aceptar, se debe evitar o reducir, se requiere reformular para la vigencia 2026. No se evidenció la aplicación de controles ni acciones de seguimiento que permitan verificar cómo el proceso está mitigando la posible materialización del riesgo, especialmente en lo relacionado con la liquidación de convenios de infraestructura deportiva y la eventual pérdida de competencia para realizarlas. Frente al plan de tratamiento, se identificó avance en el reintegro de rendimientos financieros, pero no se evidenció la formalización en el Sistema de Gestión de documentos que establezcan lineamientos para la liquidación de convenios o contratos, encontrándose las versiones en borrador y sin finalizar. Se recomienda priorizar su formalización, dado que la actividad no se culminó durante la vigencia 2025. No se reportó información de indicadores ni soportes de su medición.
A14: Apoyo a la Infraestructura Técnica y Científica | B14: =VLOOKUP(A14,'Listas deplegables'!$A$2:$B$19,2,0) -> ATC | J14: Si | K14: Profesional de apoyo a la liquidación, mensualmenteprioriza los procesos de liquidación en curso de contratos y convenios de infraestructura recreativa y deportiva, que perdieron competencia o están próximos a vencer los términos de ley para liquidar. Revisa la base de datos de los procesos en liquidación y establece un orden de priorización, teniendo en cuenta la complejidad de los procesos, avances y aquellos que ya hayan perdido competencia para liquidar o estén próximos a perder competencia, En caso de presentar desviaciones del control, se solicitará se actualice la base de datos, reorganizando por orden de prioridad los procesos en liquidación. De la ejecución del contrato, se aportan las siguientes evidencias: Base de datos de los procesos en liquidación, en la que se incluye el estado de los mismo y orden de priorización | L14: Preventivo | M14: Si | N14: Si | O14: Si | P14: Aceptar | Q14: Moderado | R14: Incompleta | S14: Si | T14: Revisar y actualizar la pertinencia de los procedimientos vigentes dispuestos por la entidad para la liquidación de procesos de contratación, ajustados a la necesidad de la Dirección de Recursos y Herramientas del Sistema Nacional del Deporte. | U14: No | V14: Incompleta
A15: Apoyo a la Infraestructura Técnica y Científica | B15: =VLOOKUP(A15,'Listas deplegables'!$A$2:$B$19,2,0) -> ATC | J15: Si | K15: De manera cuatrimestral, el profesional designado del Equipo de Liquidaciones de la Dirección de Recursos y Herramientas genera alertas sobre los procesos que están próximos a perder competencia, mediante la remisión de comunicación a través de la plataforma GESDOC, dirigidas a los supervisores de la Dirección Técnica, con el fin de que adelanten las gestiones correspondientes dentro de los términos legales establecidos. En caso de presentar desviación en la ejecución del control, se remitiran correos electronicos a los directores. De la ejecución del control se generan las siguientes evidenicas: Radicados de gesdoc, correo electronico (si aplica), anexos. | L15: Preventivo | M15: Si | N15: Si | O15: Si | P15: Aceptar | Q15: Moderado | R15: Incompleta
A16: Gestión del Talento Humano | B16: =VLOOKUP(A16,'Listas deplegables'!$A$2:$B$19,2,0) -> GH | C16: Posibilidad de efecto dañoso sobre recurso público, por el No cobro y vencimiento del término de incapacidades y/o licencias, Inoportunidad en el reporte de incapacidades por parte del funcionario No se transcriben las incapacidades con oportunidad, a causa debilidades en los controles operativos para el seguimiento de incapacidades y/o licencias, fallas y/o demoras en la legalización de las incapacidades y/o licencias por parte de los funcionarios. | D16: Si | E16: 45897 | F16: 46009 | G16: 46022 | H16: Apoyo | I16: Moderado | J16: Si | K16: El Profesional designado del proceso de Gestión de Talento Humano, valida con el GIT Gestión Contable la información de incapacidades o licencia causadas en el periodo para su reconocimiento, A través de mesas de trabajo Bimensual con el GIT Gestión Contable, con el fin de validar que la información de las incapacidades corresponda y se deja registro en el formato GF-FR-051 Certificación de Incapacidades y Talento Humano. En caso de identificar desviaciones en la ejecución del control, Talento Humano envíara las correcciones al GIT Gestión Contable. De la ejecución de los controles se generará la siguiente evidencia: actas de reunión, registro GF-FR-051 Certificación de Incapacidades, correos electrónicos (Cuando Aplique). | L16: Preventivo | M16: Si | N16: Si | O16: Si | P16: Aceptar | Q16: Bajo | R16: Si | S16: Si | T16: Revisar y actualizar el procedimiento GH-PD-035 Lineamientos para el trámite de incapacidades y licencias de maternidad y paternidad. | U16: No aplica | V16: Incompleta | W16: No | X16: No aplica | Y16: No aplica | Z16: No aplica | AA16: Si | AB16: La estrategia de tratamiento, no cumple con la metodología ya que no se puede aceptar, se debe evitar o reducir, no se atendió recomendación del primer y segundo monitoreo de la tercera línea de defensa. Se evidenció que los controles establecidos fueron ejecutados conforme a su descripción. No obstante, la acción definida en el plan de tratamiento se identificó como incumplida, dado que no se realizó la actualización documental prevista para la vigencia. Para la vigencia 2026 se recomienda establecer un plan de trabajo que permita avanzar en la actualización de los documentos del proceso de Gestión de Talento Humano, actividad que no se logró finalizar en el periodo evaluado.
A17: Gestión del Talento Humano | B17: GH | J17: Si | K17: El Profesional designado del proceso de Gestión de Talento Humano, realiza seguimiento al trámite de cobro de la incapacidad, Teniendo en cuenta lo establecido dentro el procedimiento GH-PD-035 Lineamientos para el Trámite de incapacidades y licencias de Maternidad y Paternidad, así como el uso de formatos especificos. En caso de identificar desviaciones en la ejecución del control, se enviara correo de reporte de seguimiento al Coordinador de GIT Talento Humano para su conocimiento. De la ejecución de los controles se generará la siguiente evidencia: CONTROL Y SEGUIMIENTO DE INCAPACIDADES GH-FR-069 CONTROL DE INCAPACIDADES DE NÓMINA GH-FR-068 Nota: El reporte de los seguimientos al trámite de cobro de incapacidades se realizara de forma cuatrimestral de acuerdo al reporte cuatrimestral de Mapas de Riesgos. | L17: Preventivo | M17: Si | N17: Si | O17: Si | P17: Aceptar | Q17: Bajo | R17: Si
A18: Gestión Financiera | B18: =VLOOKUP(A18,'Listas deplegables'!$A$2:$B$19,2,0) -> GF | C18: Posibilidad de Efecto dañoso sobre recursos públicos por efectuar pagos a contratistas, proveedores y terceros por mayor o menor valor de lo pactado, debido a fallas en la verificación de los documentos causados y de la documentacion solicitada para pago. | D18: Si | E18: 45895 | F18: 46009 | G18: 46022 | H18: Apoyo | I18: Moderado | J18: Si | K18: Diariamente, los coordinadores y/o profesionales designados del proceso de Gestión Financiera, validan las solicitudes asociadas a pagos de contratistas, proveedores y terceros, entregados por los diferentes procesos de la Entidad, mediante la revisión de los documentos soportes que esten correctos, completos y acorde a los procedimientos establecidos en el proceso de Gestión Financiera. En caso de identificar desviaciones en la ejecución del control, se debe hacer devolución al remitente mediante el formato GF-FR-016 o SISEG según corresponda. De la ejecución de los controles se generará la siguiente evidencia: Formato Devolución de Documentos GF-FR-016 diligenciado o devolución en SISEG según corresponda. | L18: Detectivo | M18: Si | N18: Si | O18: Si | P18: Reducir (Mitigar) | Q18: Bajo | R18: Si | S18: Si | T18: 1. Actualizar el procedimiento GF-PD-019-Conciliaciones Bancarias, incluyendo las políticas de operación necesarias y la normatividad vigente | U18: No | V18: Incompleta | W18: No diligenció la casilla | X18: No aplica | Y18: No aplica | Z18: No aplica | AA18: Si | AB18: Se evidencia la ejecución de controles. En cuanto a las acciones se están elaborando actualizaciones al procedimiento de conciliaciones bancarias (GF-PD-019) pero la misma no fue culminada. Si bien primer y segunda línea hacen alusión a la actualización del procedimiento 022 este no hace parte de los controles ni del plan de tratamiento previstos.
A19: Gestión Jurídica | B19: =VLOOKUP(A19,'Listas deplegables'!$A$2:$B$19,2,0) -> GJ | C19: Posibilidad de Afectación Económica por Efecto dañoso sobre recursos públicos por pago tardío de las condenas, conciliaciones u otra forma de determinación de un conflicto, por desarticulación entre el Ministerio con un tercero, a causa de desarticulación entre las áreas para iniciar proceso judicial, inexactitud de la información allegada | D19: Si | E19: 45595 | F19: 46013 | G19: 46022 | H19: Apoyo | I19: Moderado | J19: Si | K19: El Profesional asignado en la OAJ verifica que la base de datos de procesos judiciales de la OAJ se encuentre actualizada y con la información completa de los procesos en curso, para ello; de manera semanal, realiza el registro de las actuaciones del equipo de defensa judicial. En caso de identificar desviaciones en la ejecución del control, solicita por correo electrónico institucional al abogado designado, la inclusión de la información faltante. De la ejecución del control se evidencia: Base de datos de procesos judiciales y correos electrónicos. | L19: Preventivo | M19: No | N19: Si | O19: Si | P19: Aceptar | Q19: Moderado | R19: Si | S19: Si | T19: Gestionar ante las áreas que resulten competentes, el trámite de pagos de sumas de dinero derivadas de sentencias, conciliaciones o laudos arbitrales, cuando resulte necesario, por parte del profesional asignado al interior de la Oficina Asesora Jurídica para dicho trámite | U19: Si | V19: Si | W19: No | X19: No aplica | Y19: No aplica | Z19: No aplica | AA19: Si | AB19: La estrategia de tratamiento, no cumple con la metodología ya que no se puede aceptar, se debe evitar o reducir, observación que ya había sido realizada en el seguimiento al primer y segundo cuatrimestre. Se validó la ejecución adecuada del control R5-CONT1, respaldada por la base de datos de procesos judiciales correos electrónicos. El plan de tratamiento incluye una única actividad (R5-Acc-1), cuya ejecución fue soportada según lo establecido en el segundo cuatrimestre. Además, se realizó la medición adecuada de los indicadores asociados, con evidencia documentada en bases de datos.
A20: Gestión de los Recursos Físicos | B20: =VLOOKUP(A20,'Listas deplegables'!$A$2:$B$19,2,0) -> RF | C20: Posibilidad de efecto dañoso sobre bienes públicos, por limitada asignación presupuestal para el mantenimiento de bienes inmuebles, falta de mantenimiento preventivo y correctivo en la infraestructura física de los bienes inmuebles (sede administrativa- Centro de Alto Rendiemiento-CAR), evidenciandose fallas en la implementación del Plan de Mantenimiento Anual, gastos no programados para mitigar daños mayores | D20: Si | E20: 45896 | F20: No diligenciado | G20: 46022 | H20: Apoyo | I20: Alto | J20: Si | K20: El contratista y/o funcionario designado realiza, de manera semestral, la verificación del estado de la infraestructura física de los bienes inmuebles institucionales, específicamente de la sede administrativa y el Centro de Alto Rendimiento (CAR), mediante el seguimiento al cumplimiento del Plan de Mantenimiento Anual (PMA). En caso de identificarse desviaciones respecto a lo planificado, deberá realizar reporte dirigido al/la Coordinador(a) del GIT: Gestión Administrativa, en el cual se detallen los gastos no programados ocasionados, así como el estado de los mantenimientos correctivos realizados, con el fin de facilitar la toma de decisiones oportunas. De la ejecución del control, se genera las siguientes evidencias: 1. Plan de matenimiento Anual 2. Evidencias ejecutadas en el periodo ( visitas en sitio, registro fotografico y demas evidencias que apliquen) 3. Reporte al/la Coordinador(a) del GIT: Gestión Administrativa y actaulización del plan (cuando aplique) | L20: Preventivo | M20: No | N20: Si | O20: Si | P20: Aceptar | Q20: Alto | R20: Si | S20: Si | T20: Socializar el Plan de Mantenimiento de bienes muebles e inmuebles | U20: No | V20: Incompleta | W20: No diligenció la casilla | X20: No diligenció la casilla | Y20: No diligenció la casilla | Z20: No diligenció la casilla | AA20: No | AB20: El proceso cuenta con un Mapa de Riesgos actualizado y validado en mesas de trabajo con la OAP, sin embargo, la estrategia de tratamiento, no cumple con la metodología ya que no se puede aceptar, se debe evitar o reducir. No se reportó monitoreo de la materialización de riesgos como tampoco de indicadores. No se cuenta con la fecha de monitoreo de la primera línea de defensa. En el monitoreo del riesgo fiscal se evidenció la ejecución de ambos controles definidos, soportados mediante el informe y el plan de mantenimiento, así como las evidencias cargadas en la carpeta correspondiente. No obstante, respecto al plan de tratamiento, las acciones R5‑Acc‑1 y R5‑Acc‑2 no lograron demostrar su ejecución durante la vigencia, aunque el proceso propone acciones para culminarlas en el siguiente periodo, por lo que se recomienda priorizar su cumplimiento en la vigencia 2026
A21: Gestión de los Recursos Físicos | B21: =VLOOKUP(A21,'Listas deplegables'!$A$2:$B$19,2,0) -> RF | J21: Si | K21: Mensualmente, el Profesional y/o Contratista del GIT asignado verifica el cumplimiento de las actividades programadas en el Plan Anual de mantenimiento de bienes muebles e inmuebles del Ministerio del Deporte, de acuerdo las actividades de mantenimiento establecidas en el plan se realizan verificaciones de la ejecuciòn. En caso de desviaciòn, se revisa la actividad con el coordinador (a) del GIT: Administrativa para la toma de desiciones y se procede a la actualización del plan. De la ejecución de los controles se genera las siguientes evidencia: 1. Plan de matenimiento 2. Evidencias ejecutadas en el periodo ( visitas en sitio, registro fotografico y demas evidencias que apliquen) 3. Actas de reunión y actualización del plan (cuando aplique) | L21: Preventivo | M21: No | N21: Si | O21: Si | P21: Aceptar | Q21: Alto | R21: Si | S21: Si | T21: Presentar anualmente reporte del estado de la infraestructura fisca (sede administrativa- Centro de Alto Rendiemiento-CAR), ante el Comité Institucional de Gestión y Desempeño, para la toma dedecisiones de la Alta Dirección- CIGD. | U21: No | V21: Incompleta
B22: =VLOOKUP(A22,'Listas deplegables'!$A$2:$B$19,2,0) -> #N/A
B23: =VLOOKUP(A23,'Listas deplegables'!$A$2:$B$19,2,0) -> #N/A
B24: =VLOOKUP(A24,'Listas deplegables'!$A$2:$B$19,2,0) -> #N/A
B25: =VLOOKUP(A25,'Listas deplegables'!$A$2:$B$19,2,0) -> #N/A
B26: =VLOOKUP(A26,'Listas deplegables'!$A$2:$B$19,2,0) -> #N/A
B27: =VLOOKUP(A27,'Listas deplegables'!$A$2:$B$19,2,0) -> #N/A
B28: =VLOOKUP(A28,'Listas deplegables'!$A$2:$B$19,2,0) -> #N/A
B29: =VLOOKUP(A29,'Listas deplegables'!$A$2:$B$19,2,0) -> #N/A
B30: =VLOOKUP(A30,'Listas deplegables'!$A$2:$B$19,2,0) -> #N/A
B31: =VLOOKUP(A31,'Listas deplegables'!$A$2:$B$19,2,0) -> #N/A
B32: =VLOOKUP(A32,'Listas deplegables'!$A$2:$B$19,2,0) -> #N/A
B33: =VLOOKUP(A33,'Listas deplegables'!$A$2:$B$19,2,0) -> #N/A
... B99: =VLOOKUP(A99,'Listas deplegables'!$A$2:$B$19,2,0) -> #N/A
A100: x | B100: x | C100: x | D100: X | E100: x | G100: x | H100: x | I100: x | J100: x | K100: x | L100: x | M100: x | N100: x | O100: x | P100: x | Q100: x | R100: x | S100: x | T100: x | U100: x | V100: x | W100: x | X100: x | Y100: x | Z100: x | AA100: x | AB100: x

Sheet Listas deplegables
A1: Procesos | B1: Siglas | D1: TipoProceso | E1: DescripciónCtr | F1: Atributo | G1: ZonaRiesgo | H1: DescripciónCtr | I1: Tratamiento | J1: Reporte | K1: Reporte
A2: Direccionamiento Estratégico y Aprendizaje Organizacional | B2: DE | D2: Estratégico | E2: Si | F2: Detectivo | G2: Extremo | H2: Si | I2: Aceptar | J2: Si | K2: Si | L2: Primera línea de defensa
A3: Gestión de las Comunicaciones | B3: GC | D3: Misional | E3: No | F3: Preventivo | G3: Alto | H3: No | I3: Evitar | J3: No | K3: No | L3: Segunda línea de defensa
A4: Formulación y Adopción de Políticas, Planes y Programas | B4: FP | D4: Apoyo | E4: No tiene controles | F4: No definido | G4: Moderado | H4: No tiene plan de tratamiento | I4: Reducir (Transferir) | J4: No diligenció la casilla | K4: No formuló indicadores | L4: Primer y segunda línea de defensa
A5: Altos Logros | B5: AL | D5: Evaluación | E5: Incompleta | F5: No aplica | G5: Bajo | H5: No aplica | I5: Reducir (Mitigar) | J5: No aplica | K5: No aplica
A6: Inspección Vigilancia y Control | B6: IVC | E6: No aplica
A7: Fomento al Desarrollo Humano y Social | B7: FD
A8: Apoyo a la Infraestructura Técnica y Científica | B8: ATC
A9: Servicio Integral al Ciudadano | B9: SI
A10: Gestión de TIC'S | B10: GT
A11: Gestión del Talento Humano | B11: GH
A12: Gestión Documental | B12: GD
A13: Adquisición de Bienes y Servicios | B13: BS
A14: Gestión Financiera | B14: GF
A15: Gestión Jurídica | B15: GJ
A16: Gestión de los Recursos Físicos | B16: RF
A17: Evaluación Independiente y Mejora Continua | B17: EI
A18: Gestión Proceso Disciplinario | B18: PD
A19: Proceso Gestión Ambiental | B19: GA

Sheet Riesgos
A1: No | B1: Dependencia | C1: Corrupción | D1: Gestión | E1: Seguridad Info | F1: Fiscal
A2: 1 | B2: Direccionamiento Estratégico y Aprendizaje Organizacional | C2: 0 | D2: 3 | E2: 1 | F2: 0 | G2: No aplica para este informe
A3: 2 | B3: Gestión de las Comunicaciones | C3: 1 | D3: 1 | E3: 1 | F3: 0
A4: 3 | B4: Formulación y Adopción de Políticas, Planes y Programas | C4: 1 | D4: 1 | E4: 0 | F4: 0
A5: 4 | B5: Altos Logros | C5: 1 | D5: 1 | E5: 1 | F5: 1
A6: 5 | B6: Inspección Vigilancia y Control | C6: 1 | D6: 1 | E6: 1 | F6: 0
A7: 6 | B7: Fomento al Desarrollo Humano y Social | C7: 1 | D7: 1 | E7: 1 | F7: 1
A8: 7 | B8: Apoyo a la Infraestructura Técnica y Científica | C8: 3 | D8: 1 | E8: 1 | F8: 1
A9: 8 | B9: Servicio Integral al Ciudadano | C9: 1 | D9: 3 | E9: 1 | F9: 0
A10: 9 | B10: Gestión de TIC'S | C10: 1 | D10: 1 | E10: 1 | F10: 0
A11: 10 | B11: Gestión del Talento Humano | C11: 1 | D11: 2 | E11: 1 | F11: 1
A12: 11 | B12: Gestión Documental | C12: 1 | D12: 1 | E12: 1 | F12: 0
A13: 12 | B13: Adquisición de Bienes y Servicios | C13: 1 | D13: 3 | E13: 1 | F13: 0
A14: 13 | B14: Gestión Financiera | C14: 1 | D14: 2 | E14: 1 | F14: 1
... A18: 17 | B18: Gestión Proceso Disciplinario | C18: 1 | D18: 1 | E18: 1 | F18: 0
A19: 18 | B19: Proceso Gestión Ambiental | C19: 0 | D19: 3 | E19: 1 | F19: 0 | G19: No aplica para este informe
C20: =SUM(C2:C19) -> 18 | D20: =SUM(D2:D19) -> 30 | E20: =SUM(E2:E19) -> 17 | F20: =SUM(F2:F19) -> 7

Sheet Mapa Procesos

Sheet Reparto
B1: Riesgos | C1: Controles | D1: Acciones
A2: Nubia -C | B2: 12 | C2: =41-C3 -> 17 | D2: =33-D3 -> 15
A3: Ma Paola -C | B3: 5 | C3: 24 | D3: 18
A4: Total Corrupción | B4: =SUM(B2:B3) -> 17 | C4: =SUM(C2:C3) -> 41 | D4: =SUM(D2:D3) -> 33
B6: Riesgos | C6: Controles | D6: Acciones
A7: Nubia -F | B7: 0 | C7: 0 | D7: 0
A8: Ma Paola -F | B8: 7 | C8: 12 | D8: 9
A9: Total Fiscales | B9: =SUM(B7:B8) -> 7 | C9: =SUM(C7:C8) -> 12 | D9: =SUM(D7:D8) -> 9
B11: Riesgos | C11: Controles | D11: Acciones | E11: Total revisiones | L11: =2/17 -> 0.11764706
A12: Nubia | B12: =+B2+B7 -> 12 | C12: =+C2+C7 -> 17 | D12: =+D2+D7 -> 15 | E12: =SUM(B12:D12) -> 44
A13: Ma Paola | B13: =+B3+B8 -> 12 | C13: =+C3+C8 -> 36 | D13: =+D3+D8 -> 27 | E13: =SUM(B13:D13) -> 75
A14: Total C+F | B14: =SUM(B12:B13) -> 24 | C14: =SUM(C12:C13) -> 53 | D14: =SUM(D12:D13) -> 42 | E14: =SUM(E12:E13) -> 119
A16: Dif | B16: =+B12-B13 -> 0 | C16: =+C12-C13 -> -19 | D16: =+D12-D13 -> -12
A19: Solicitud información | B19: Ma Pao | C19: 1
A20: Actualización SharePoint (hasta borrador) | B20: Ma Pao | C20: 2
A21: Actualización SISEG (hasta borrador) | B21: Ma Pao | C21: 3
A22: Borrador Informe | B22: Ma Pao | C22: 4
A23: Remisión aprobación jefe | B23: Ma Pao | C23: 5
A24: GESDOC Remisorio CICCI | B24: Nubis | C24: 1
A25: Publicación Web | B25: Nubis | C25: 2
A26: Actualización SISEG (Cierre) | B26: Nubis | C26: 3
A27: Actualización SharePoint (Inf. Final) | B27: Nubis | C27: 4

Sheet DinamicaMRC
B1: Total Riesgos | C1: =+C20+DinamicaMRF!C11 -> 7
A2: Cantidad procesos con riesgos de corrupción
B3: Nombre del Proceso | C3: Siglas | D3: Corrupción | E3: Fiscal | G3: Siglas | H3: Corrupción | I3: Fiscal
A4: 1 | B4: Adquisición de Bienes y Servicios | C4: BS | D4: 1 | E4: =IFERROR(VLOOKUP(B4,DinamicaMRF!$B$4:$C$10,2,0),0) -> 0 | G4: BS | H4: 1 | I4: 0
A5: 2 | B5: Altos Logros | C5: AL | D5: 1 | E5: =IFERROR(VLOOKUP(B5,DinamicaMRF!$B$4:$C$10,2,0),0) -> 1 | G5: AL | H5: 1 | I5: 1
A6: 3 | B6: Apoyo a la Infraestructura Técnica y Científica | C6: ATC | D6: 3 | E6: =IFERROR(VLOOKUP(B6,DinamicaMRF!$B$4:$C$10,2,0),0) -> 1 | G6: ATC | H6: 3 | I6: 1
A7: 4 | B7: Evaluación Independiente y Mejora Continua | C7: EI | D7: 1 | E7: =IFERROR(VLOOKUP(B7,DinamicaMRF!$B$4:$C$10,2,0),0) -> 0 | G7: EI | H7: 1 | I7: 0
A8: 5 | B8: Fomento al Desarrollo Humano y Social | C8: FD | D8: 1 | E8: =IFERROR(VLOOKUP(B8,DinamicaMRF!$B$4:$C$10,2,0),0) -> 1 | G8: FD | H8: 1 | I8: 1
A9: 6 | B9: Formulación y Adopción de Políticas, Planes y Programas | C9: FP | D9: 1 | E9: =IFERROR(VLOOKUP(B9,DinamicaMRF!$B$4:$C$10,2,0),0) -> 0 | G9: FP | H9: 1 | I9: 0
A10: 7 | B10: Gestión de las Comunicaciones | C10: GC | D10: 1 | E10: =IFERROR(VLOOKUP(B10,DinamicaMRF!$B$4:$C$10,2,0),0) -> 0 | G10: GC | H10: 1 | I10: 0
A11: 8 | B11: Gestión de los Recursos Físicos | C11: RF | D11: 1 | E11: =IFERROR(VLOOKUP(B11,DinamicaMRF!$B$4:$C$10,2,0),0) -> 1 | G11: RF | H11: 1 | I11: 1
A12: 9 | B12: Gestión de TIC'S | C12: GT | D12: 1 | E12: =IFERROR(VLOOKUP(B12,DinamicaMRF!$B$4:$C$10,2,0),0) -> 0 | G12: GT | H12: 1 | I12: 0
A13: 10 | B13: Gestión del Talento Humano | C13: GH | D13: 1 | E13: =IFERROR(VLOOKUP(B13,DinamicaMRF!$B$4:$C$10,2,0),0) -> 1 | G13: GH | H13: 1 | I13: 1
A14: 11 | B14: Gestión Documental | C14: GD | D14: 1 | E14: =IFERROR(VLOOKUP(B14,DinamicaMRF!$B$4:$C$10,2,0),0) -> 0 | G14: GD | H14: 1 | I14: 0
A15: 12 | B15: Gestión Financiera | C15: GF | D15: 1 | E15: =IFERROR(VLOOKUP(B15,DinamicaMRF!$B$4:$C$10,2,0),0) -> 1 | G15: GF | H15: 1 | I15: 1
... A19: 16 | B19: Servicio Integral al Ciudadano | C19: SI | D19: 1 | E19: =IFERROR(VLOOKUP(B19,DinamicaMRF!$B$4:$C$10,2,0),0) -> 0 | G19: SI | H19: 1 | I19: 0
D20: =SUM(D4:D19) -> 18 | G20: TOTAL | H20: =SUM(H4:H19) -> 18 | I20: =SUM(I4:I19) -> 7

Sheet DinamicaMRF
B3: Etiquetas de fila | C3: Cuenta de Descripción Riesgo
A4: 1 | B4: Altos Logros | C4: 1
A5: 2 | B5: Apoyo a la Infraestructura Técnica y Científica | C5: 1
A6: 3 | B6: Fomento al Desarrollo Humano y Social | C6: 1
A7: 4 | B7: Gestión de los Recursos Físicos | C7: 1
A8: 5 | B8: Gestión del Talento Humano | C8: 1
A9: 6 | B9: Gestión Financiera | C9: 1
A10: 7 | B10: Gestión Jurídica | C10: 1
B11: Total general | C11: 7

Sheet T2
A1: Nombre del Proceso | B1: Siglas | C1: RIESGO | D1: Tipo Proceso | F1: Siglas | G1: Corrupción | H1: Fiscal | I1: Tipo Proceso | K1: Etiquetas de fila | L1: Suma de Corrupción | M1: Suma de Fiscal | N1: Total
A2: Adquisición de Bienes y Servicios | B2: BS | C2: Corrupción | D2: Apoyo | F2: BS | G2: 1 | H2: 0 | I2: Apoyo | K2: Apoyo | L2: 8 | M2: 4 | N2: =SUM(L2:M2) -> 12
A3: Altos Logros | B3: AL | C3: Corrupción | D3: Misional | F3: AL | G3: 1 | H3: 1 | I3: Misional | K3: Estratégico | L3: 1 | M3: 0 | N3: =SUM(L3:M3) -> 1
A4: Apoyo a la Infraestructura Técnica y Científica | B4: ATC | C4: Corrupción | D4: Misional | F4: ATC | G4: 3 | H4: 1 | I4: Misional | K4: Evaluación | L4: 2 | M4: 0 | N4: =SUM(L4:M4) -> 2
A5: Evaluación Independiente y Mejora Continua | B5: EI | C5: Corrupción | D5: Evaluación | F5: EI | G5: 1 | H5: 0 | I5: Evaluación | K5: Misional | L5: 7 | M5: 3 | N5: =SUM(L5:M5) -> 10
A6: Fomento al Desarrollo Humano y Social | B6: FD | C6: Corrupción | D6: Misional | F6: FD | G6: 1 | H6: 1 | I6: Misional | K6: Total general | L6: 18 | M6: 7 | N6: =SUM(N2:N5) -> 25
A7: Formulación y Adopción de Políticas, Planes y Programas | B7: FP | C7: Corrupción | D7: Misional | F7: FP | G7: 1 | H7: 0 | I7: Misional
A8: Gestión de las Comunicaciones | B8: GC | C8: Corrupción | D8: Estratégico | F8: GC | G8: 1 | H8: 0 | I8: Estratégico
A9: Gestión de los Recursos Físicos | B9: RF | C9: Corrupción | D9: Apoyo | F9: RF | G9: 1 | H9: 1 | I9: Apoyo | K9: TIPO PROCESO | L9: RIESGOS CORRUPCIÓN | M9: RIESGOS FISCALES | N9: TOTAL, RIESGOS
A10: Gestión de TIC'S | B10: GT | C10: Corrupción | D10: Apoyo | F10: GT | G10: 1 | H10: 0 | I10: Apoyo | K10: Apoyo | L10: 8 | M10: 4 | N10: =SUM(L10:M10) -> 12
A11: Gestión del Talento Humano | B11: GH | C11: Corrupción | D11: Apoyo | F11: GH | G11: 1 | H11: 1 | I11: Apoyo | K11: Estratégico | L11: 1 | M11: 0 | N11: =SUM(L11:M11) -> 1
A12: Gestión Documental | B12: GD | C12: Corrupción | D12: Apoyo | F12: GD | G12: 1 | H12: 0 | I12: Apoyo | K12: Evaluación | L12: 2 | M12: 0 | N12: =SUM(L12:M12) -> 2
A13: Gestión Financiera | B13: GF | C13: Corrupción | D13: Apoyo | F13: GF | G13: 1 | H13: 1 | I13: Apoyo | K13: Misional | L13: 7 | M13: 3 | N13: =SUM(L13:M13) -> 10
A14: Gestión Jurídica | B14: GJ | C14: Corrupción | D14: Apoyo | F14: GJ | G14: 1 | H14: 1 | I14: Apoyo | K14: TOTAL | L14: =SUM(L10:L13) -> 18 | M14: =SUM(M10:M13) -> 7 | N14: =SUM(L14:M14) -> 25
A15: Gestión Proceso Disciplinario | B15: PD | C15: Corrupción | D15: Evaluación | F15: PD | G15: 1 | H15: 0 | I15: Evaluación
A16: Inspección Vigilancia y Control | B16: IVC | C16: Corrupción | D16: Misional | F16: IVC | G16: 1 | H16: 0 | I16: Misional | L16: =+L10/L14 -> 0.44444444
A17: Servicio Integral al Ciudadano | B17: SI | C17: Corrupción | D17: Apoyo | F17: SI | G17: 1 | H17: 0 | I17: Apoyo | L17: =+L13/L14 -> 0.38888889
G18: =SUM(G2:G17) -> 18 | H18: =SUM(H2:H17) -> 7

Sheet T3
C1: CORRUPCIÓN | H1: FISCALES
B2: Etiquetas de fila | C2: Cuenta de Descripción Riesgo | D2: Cuenta de Descripción del Control | E2: Cuenta de Descripción del Plan de Tratamiento | G2: Etiquetas de fila | H2: Cuenta de Descripción Riesgo | I2: Cuenta de Descripción del Control | J2: Cuenta de Descripción del Plan de Tratamiento
B3: AL | C3: 1 | D3: 3 | E3: 1 | G3: AL | H3: 1 | I3: 1 | J3: 1 | M3: No. | N3: PROCESO | O3: TIPO RIESGO | P3: CANTIDAD CONTROLES | Q3: CANTIDAD ACCIONES (PT) | S3: PROCESO | T3: TIPO RIESGO | U3: CANTIDAD RIESGOS | V3: CANTIDAD CONTROLES | W3: CANTIDAD ACCIONES (PT)
B4: ATC | C4: 3 | D4: 4 | E4: 4 | G4: ATC | H4: 1 | I4: 3 | J4: 2 | M4: 1 | N4: AL | O4: Corrupción | P4: 8 | Q4: 1 | S4: AL | T4: Corrupción | U4: 1 | V4: 3 | W4: 1
B5: BS | C5: 1 | D5: 2 | E5: 1 | G5: FD | H5: 1 | I5: 2 | J5: 1 | M5: 2 | O5: Fiscal | P5: 2 | Q5: 1 | T5: Fiscal | U5: 1 | V5: 1 | W5: 1
B6: EI | C6: 1 | D6: 2 | E6: 1 | G6: GF | H6: 1 | I6: 1 | J6: 1 | M6: 3 | N6: ATC | O6: Corrupción 1 | P6: 2 | Q6: 2 | S6: ATC | T6: Corrupción | U6: 3 | V6: 4 | W6: 4
B7: FD | C7: 1 | D7: 2 | E7: 2 | G7: GH | H7: 1 | I7: 2 | J7: 1 | M7: 4 | O7: Corrupción 2 | P7: 1 | Q7: 1 | T7: Fiscal | U7: 1 | V7: 3 | W7: 2
B8: FP | C8: 1 | D8: 3 | E8: 3 | G8: GJ | H8: 1 | I8: 1 | J8: 1 | M8: 5 | O8: Fiscal | P8: 3 | Q8: 2 | S8: BS | T8: Corrupción | U8: 1 | V8: 2 | W8: 1
B9: GC | C9: 1 | D9: 3 | E9: 3 | G9: RF | H9: 1 | I9: 2 | J9: 2 | M9: 6 | N9: BS | O9: Corrupción | P9: 2 | Q9: 1 | S9: EI | T9: Corrupción | U9: 1 | V9: 2 | W9: 1
B10: GD | C10: 1 | D10: 2 | E10: 1 | G10: Total general | H10: 7 | I10: 12 | J10: 9 | M10: 7 | N10: EI | O10: Corrupción | P10: 2 | Q10: 1 | S10: FD | T10: Corrupción | U10: 1 | V10: 2 | W10: 2
B11: GF | C11: 1 | D11: 2 | E11: 2 | M11: 8 | N11: FD | O11: Corrupción | P11: 2 | Q11: 2 | T11: Fiscal | U11: 1 | V11: 2 | W11: 1
B12: GH | C12: 1 | D12: 1 | E12: 1 | M12: 9 | O12: Fiscal | P12: 2 | Q12: 1 | S12: FP | T12: Corrupción | U12: 1 | V12: 3 | W12: 3
B13: GJ | C13: 1 | D13: 1 | E13: 4 | M13: 10 | N13: FP | O13: Corrupción | P13: 3 | Q13: 3 | S13: GC | T13: Corrupción | U13: 1 | V13: 3 | W13: 3
B14: GT | C14: 1 | D14: 2 | E14: 3 | M14: 11 | N14: GC | O14: Corrupción | P14: 3 | Q14: 3 | S14: GD | T14: Corrupción | U14: 1 | V14: 2 | W14: 1
B15: IVC | C15: 1 | D15: 3 | E15: 3 | M15: 12 | N15: GD | O15: Corrupción | P15: 3 | Q15: 3 | S15: GF | T15: Corrupción | U15: 1 | V15: 2 | W15: 2
B16: PD | C16: 1 | D16: 2 | E16: 2 | M16: 13 | N16: GF | O16: Corrupción | P16: 2 | Q16: 2 | T16: Fiscal | U16: 1 | V16: 1 | W16: 1
B17: RF | C17: 1 | D17: 2 | E17: 2 | M17: 14 | O17: Fiscal | P17: 1 | Q17: 1 | S17: GH | T17: Corrupción | U17: 1 | V17: 1 | W17: 1
B18: SI | C18: 1 | D18: 1 | E18: 1 | M18: 15 | N18: GH | O18: Corrupción | P18: 1 | Q18: 1 | T18: Fiscal | U18: 1 | V18: 2 | W18: 1
B19: Total general | C19: 18 | D19: 35 | E19: 34 | M19: 16 | O19: Fiscal | P19: 1 | Q19: 1 | S19: GJ | T19: Corrupción | U19: 1 | V19: 1 | W19: 4
M20: 17 | N20: GJ | O20: Corrupción | P20: 1 | Q20: 4 | T20: Fiscal | U20: 1 | V20: 1 | W20: 1
M21: 18 | O21: Fiscal | P21: 1 | Q21: 1 | S21: GT | T21: Corrupción | U21: 1 | V21: 2 | W21: 3 | Y21: =18+7 -> 25
M22: 19 | N22: GT | O22: Corrupción | P22: 2 | Q22: 2 | S22: IVC | T22: Corrupción | U22: 1 | V22: 3 | W22: 3
M23: 20 | N23: IVC | O23: Corrupción | P23: 3 | Q23: 3 | S23: PD | T23: Corrupción | U23: 1 | V23: 2 | W23: 2
M24: 21 | N24: PD | O24: Corrupción | P24: 2 | Q24: 2 | S24: RF | T24: Corrupción | U24: 1 | V24: 2 | W24: 2
M25: 22 | N25: RF | O25: Corrupción | P25: 3 | Q25: 1 | T25: Fiscal | U25: 1 | V25: 2 | W25: 2
M26: 23 | O26: Fiscal | P26: 2 | Q26: 2 | S26: SI | T26: Corrupción | U26: 1 | V26: 1 | W26: 1
M27: 24 | N27: SI | O27: Corrupción | P27: 1 | Q27: 1 | U27: =SUM(U4:U26) -> 25 | V27: =SUM(V4:V26) -> 47 | W27: =SUM(W4:W26) -> 43
M28: Total | P28: =SUM(P4:P27) -> 53 | Q28: =SUM(Q4:Q27) -> 42

Sheet T24
B1: CORRUPCIÓN
B2: Cuenta de ¿Se reportaron indicadores? | C2: Etiquetas de columna | J2: ¿REPORTA INDICADORES?
B3: Etiquetas de fila | C3: No | D3: Si | E3: (en blanco) | F3: Total general | I3: PROCESO | J3: No | K3: Si
B4: AL | D4: 1 | F4: 1 | I4: AL | K4: 1
B5: ATC | C5: 2 | D5: 1 | F5: 3 | I5: ATC | J5: 2 | K5: 1
B6: BS | D6: 1 | F6: 1 | I6: BS | K6: 1
B7: EI | D7: 1 | F7: 1 | I7: EI | K7: 1
B8: FD | C8: 1 | F8: 1 | I8: FD | J8: 1
B9: FP | C9: 1 | F9: 1 | I9: FP | J9: 1
B10: GC | D10: 1 | F10: 1 | G10: =5/18 -> 0.27777778 | I10: GC | K10: 1
B11: GD | D11: 1 | F11: 1 | I11: GD | K11: 1
B12: GF | D12: 1 | F12: 1 | I12: GF | K12: 1
B13: GH | D13: 1 | F13: 1 | I13: GH | K13: 1
B14: GJ | D14: 1 | F14: 1 | I14: GJ | K14: 1
B15: GT | D15: 1 | F15: 1 | I15: GT | K15: 1
B16: IVC | D16: 1 | F16: 1 | I16: IVC | K16: 1
B17: PD | D17: 1 | F17: 1 | I17: PD | K17: 1
B18: RF | C18: 1 | F18: 1 | I18: RF | J18: 1
B19: SI | D19: 1 | F19: 1 | I19: SI | K19: 1
B20: Total general | C20: 5 | D20: 13 | F20: 18 | I20: TOTAL | J20: =SUM(J4:J19) -> 5 | K20: =SUM(K4:K19) -> 13

Sheet T25
B2: Cuenta de ¿Se reportaron indicadores? | C2: Etiquetas de columna | I2: PROCESO | J2: ¿REPORTA INDICADORES?
B3: Etiquetas de fila | C3: No | D3: Si | E3: (en blanco) | F3: Total general | J3: No | K3: Si | L3: %
B4: AL | D4: 1 | F4: 1 | I4: AL | K4: 1
B5: ATC | C5: 1 | F5: 1 | I5: ATC | J5: 1
B6: FD | C6: 1 | F6: 1 | I6: FD | J6: 1
B7: GF | D7: 1 | F7: 1 | I7: GF | K7: 1
B8: GH | D8: 1 | F8: 1 | I8: GH | K8: 1
B9: GJ | D9: 1 | F9: 1 | I9: GJ | K9: 1
B10: RF | C10: 1 | F10: 1 | I10: RF | J10: 1
B11: Total general | C11: 3 | D11: 4 | F11: 7 | I11: TOTAL | J11: =SUM(J4:J10) -> 3 | K11: =SUM(K4:K10) -> 4 | L11: =+J11/7 -> 0.42857143
